Workbook

Sheet ORÇAMENTO
A1: _
D3: UNIVERSIDADE ESTADUAL DO NORTE DO PARANÁ
D4: CNPJ: 08.885.100/0001-54 | L4: BDI | M4: =BDI!F28 -> 0.2668 | N4: MATERIAL | O4: MÃO DE OBRA
D5: OBRA : AMPLIAÇÃO DAS SALAS DE ATENDIMENTO DA EQUOTERAPIA | L5: BDI DIF | M5: 0.1635 | N5: =SUM(J14,J17,J25,J34,J56,J68,J81,J87,J129,J158,J164,J175,J182,J191,J200,J205,J216,J230,J234) -> 177590.32 | O5: =M6-N5 -> 72468.202
D6: Local: Campus Luiz Meneghel - CLM | L6: Total s/BDI | M6: =SUM(L14,L17,L25,L34,L56,L68,L81,L87,L129,L158,L164,L175,L182,L191,L200,L205,L216,L230,L234) -> 250058.52
D7: Data do orçamento: AGOSTO/2025 | L7: Total c/BDI | M7: =SUM(N13:N576) -> 316774.14 | N7: 400000 | O7: =M7-N7 -> -83225.864
D8: SINAPI_Custo_Ref_Composicoes_Analitico_PR_202506_Desonerado
D9: RESP. TÉCNICO: HENRIQUE FRANCIZ XIMENES DE ANDRADE BILBAO ENGENHEIRO CIVIL - CREA PR 160.587/D | E9: RESP. TÉCNICO: AMANDA ALVES DA SILVA - ARQUITETA E URBANISTA - CAU A 145.138-3
A11: ITEM | B11: RESUMO | C11: CÓDIGO | D11: DESCRIÇÃO DOS SERVIÇOS | E11: UN | F11: QTD | G11: UNITÁRIO (SEM BDI) | J11: TOTAL (Valores sem BDI) | M11: VALOR TOTAL C/ BDI
G12: MATERIAL + EQ | H12: MÃO DE OBRA | I12: TOTAL | J12: MATERIAL | K12: MÃO DE OBRA | L12: TOTAL
A14: 1 | B14: ADMINISTRAÇÃO DA OBRA | J14: =SUM(J15) -> 95.76 | K14: =SUM(K15) -> 5394.48 | L14: =SUM(L15) -> 5490.24 | M14: =SUM(M15) -> 6955.036 | N14: =M14 -> 6955.036
A15: 1.1 | B15: ACOMPANHAMENTO TÉCNICO | C15: 90778 | D15: ENGENHEIRO CIVIL DE OBRA PLENO COM ENCARGOS COMPLEMENTARES | E15: H | F15: 42 | G15: =I15-H15 -> 2.28 | H15: =ROUNDUP(VLOOKUP(C15,'VALORES SINAPI'!A1:F7840,4,0)*I15,2) -> 128.44 | I15: =VLOOKUP(C15,'VALORES SINAPI'!A1:F7840,6,0) -> 130.72 | J15: =G15*F15 -> 95.76 | K15: =H15*F15 -> 5394.48 | L15: =J15+K15 -> 5490.24 | M15: =L15*(1+$M$4) -> 6955.036
A17: 2 | B17: CANTEIRO DE OBRAS | J17: =SUM(J18:J23) -> 7393.6296 | K17: =SUM(K18:K23) -> 429.85339 | L17: =SUM(L18:L23) -> 7823.483 | M17: =SUM(M18:M23) -> 9910.7883 | N17: =M17 -> 9910.7883
A18: 2.1 | B18: PLACA DE OBRA - MODELO ESTADO DO PR - TIPO "B" 4X2 M | C18: 4813 | D18: PLACA DE OBRA (PARA CONSTRUCAO CIVIL) EM CHAPA GALVANIZADA *N. 22*, ADESIVADA, DE *2,4 X 1,2* M (SEM POSTES PARA FIXACAO) | E18: M2 | F18: 8 | G18: 250 | H18: 0 | I18: =G18+H18 -> 250 | J18: =G18*F18 -> 2000 | K18: =H18*F18 -> 0 | L18: =J18+K18 -> 2000 | M18: =L18*(1+$M$4) -> 2533.6
A19: 2.2 | B19: ANDAIME | C19: 10527 | D19: LOCACAO DE ANDAIME METALICO TUBULAR DE ENCAIXE, TIPO DE TORRE, CADA PAINEL COM LARGURA DE 1 ATE 1,5 M E ALTURA DE *1,00* M, INCLUINDO DIAGONAL, BARRAS DE LIGACAO, SAPATAS OU RODIZIOS E DEMAIS ITENS NECESSARIOS A MONTAGEM (NAO INCLUI INSTALACAO) | E19: MXMES | F19: =4*7 -> 28 | G19: 28 | H19: 0 | I19: =G19+H19 -> 28 | J19: =G19*F19 -> 784 | K19: =H19*F19 -> 0 | L19: =J19+K19 -> 784 | M19: =L19*(1+$M$4) -> 993.1712
A20: 2.3 | B20: ALMOXARIFADO | C20: 105115 | D20: INSTALAÇÃO E DESINSTALAÇÃO MECANIZADA DE CONTÊINER OU MÓDULO HABITÁVEL DE USOS DIVERSOS. AF_03/2024 | E20: UN | F20: 1 | G20: =I20-H20 -> 80.72 | H20: =ROUNDUP(VLOOKUP(C20,'VALORES SINAPI'!A6:F7845,4,0)*I20,2) -> 58.17 | I20: =VLOOKUP(C20,'VALORES SINAPI'!A6:F7845,6,0) -> 138.89 | J20: =G20*F20 -> 80.72 | K20: =H20*F20 -> 58.17 | L20: =J20+K20 -> 138.89 | M20: =L20*(1+$M$4) -> 175.94585
A21: 2.4 | B21: ALMOXARIFADO | C21: 10776 | D21: LOCACAO DE CONTAINER 2,30 X 6,00 M, ALT. 2,50 M, PARA ESCRITORIO, SEM DIVISORIAS INTERNAS E SEM SANITARIO (NAO INCLUI MOBILIZACAO/DESMOBILIZACAO) | E21: MES | F21: 7 | G21: 625 | H21: 0 | I21: =G21+H21 -> 625 | J21: =G21*F21 -> 4375 | K21: =H21*F21 -> 0 | L21: =J21+K21 -> 4375 | M21: =L21*(1+$M$4) -> 5542.25
A22: 2.5 | B22: ENERGIA PROVISÓRIA | C22: COMP.01 | D22: INSTALAÇÃO DE ENERGIA PROVISÓRIA, REMOÇÃO COM REAPROVEITAMENTO E REINSTALAÇÃO. | E22: UN | F22: 1 | G22: =COMPOSIÇÕES!I21 -> 67.930148 | H22: =COMPOSIÇÕES!J21 -> 158.31639 | I22: =G22+H22 -> 226.24654 | J22: =G22*F22 -> 67.930148 | K22: =H22*F22 -> 158.31639 | L22: =J22+K22 -> 226.24654 | M22: =L22*(1+$M$4) -> 286.60912
A23: 2.6 | B23: ENTRADA DE ÁGUA | C23: COMP.02 | D23: ENTRADA DE ÁGUA PROVISÓRIA, REMOÇÃO COM REAPROVEITAMENTO E REINSTALAÇÃO. | E23: M | F23: 5 | G23: =COMPOSIÇÕES!I29 -> 17.1959 | H23: =COMPOSIÇÕES!J29 -> 42.6734 | I23: =G23+H23 -> 59.8693 | J23: =G23*F23 -> 85.9795 | K23: =H23*F23 -> 213.367 | L23: =J23+K23 -> 299.3465 | M23: =L23*(1+$M$4) -> 379.21215
A25: 3 | B25: TERRAPLANAGEM E SERVIÇOS PRELIMINARES | J25: =SUM(J26:J32) -> 3615.649 | K25: =SUM(K26:K32) -> 2298.913 | L25: =SUM(L26:L32) -> 5914.562 | M25: =SUM(M26:M32) -> 7492.5671 | N25: =M25 -> 7492.5671
A26: 3.1 | B26: LIMPEZA VEGETAL - IMPLANTAÇÃO + ARREDORES | C26: 98525 | D26: LIMPEZA MECANIZADA DE CAMADA VEGETAL (100X50M), VEGETAÇÃO E PEQUENAS ÁRVORES (DIÂMETRO DE TRONCO MENOR QUE 0,20 M), COM TRATOR DE ESTEIRAS.AF_05/2018 | E26: M2 | F26: 195 | G26: =I26-H26 -> 0.48 | H26: =ROUNDUP(VLOOKUP(C26,'VALORES SINAPI'!A12:F7851,4,0)*I26,2) -> 0.18 | I26: =VLOOKUP(C26,'VALORES SINAPI'!A12:F7851,6,0) -> 0.66 | J26: =G26*F26 -> 93.6 | K26: =H26*F26 -> 35.1 | L26: =J26+K26 -> 128.7 | M26: =L26*(1+$M$4) -> 163.03716
A27: 3.2 | B27: VOLUME DE CORTE | C27: 101124 | D27: ESCAVAÇÃO HORIZONTAL, INCLUINDO CARGA E DESCARGA EM SOLO DE 1A CATEGORIA COM TRATOR DE ESTEIRAS (100HP/LÂMINA: 2,19M3). AF_07/2020 | E27: M3 | F27: 60 | G27: =I27-H27 -> 12.77 | H27: =ROUNDUP(VLOOKUP(C27,'VALORES SINAPI'!A13:F7852,4,0)*I27,2) -> 2.88 | I27: =VLOOKUP(C27,'VALORES SINAPI'!A13:F7852,6,0) -> 15.65 | J27: =G27*F27 -> 766.2 | K27: =H27*F27 -> 172.8 | L27: =J27+K27 -> 939 | M27: =L27*(1+$M$4) -> 1189.5252
A28: 3.3 | B28: VOLUME DE REATERRO | C28: 93368 | D28: REATERRO MECANIZADO DE VALA COM ESCAVADEIRA HIDRÁULICA (CAPACIDADE DA CAÇAMBA: 0,8 M³/POTÊNCIA: 111 HP), LARGURA ATÉ 1,5 M, PROFUNDIDADE DE 1,5 A 3,0 M, COM SOLO (SEM SUBSTITUIÇÃO) DE 1ª CATEGORIA, COM COMPACTADOR DE SOLOS DE PERCUSSÃO. AF_08/2023 | E28: M3 | F28: 25.5 | G28: =I28-H28 -> 15.39 | H28: =ROUNDUP(VLOOKUP(C28,'VALORES SINAPI'!A14:F7853,4,0)*I28,2) -> 6.4 | I28: =VLOOKUP(C28,'VALORES SINAPI'!A14:F7853,6,0) -> 21.79 | J28: =G28*F28 -> 392.445 | K28: =H28*F28 -> 163.2 | L28: =J28+K28 -> 555.645 | M28: =L28*(1+$M$4) -> 703.89109
A29: 3.4 | B29: ESPALHAMENTO PARA NIVELAMENTO DO SOLO | C29: 100574 | D29: ESPALHAMENTO DE MATERIAL COM TRATOR DE ESTEIRAS. AF_11/2019 | E29: M3 | F29: 25.5 | G29: =I29-H29 -> 1.03 | H29: =ROUNDUP(VLOOKUP(C29,'VALORES SINAPI'!A15:F7854,4,0)*I29,2) -> 0.36 | I29: =VLOOKUP(C29,'VALORES SINAPI'!A15:F7854,6,0) -> 1.39 | J29: =G29*F29 -> 26.265 | K29: =H29*F29 -> 9.18 | L29: =J29+K29 -> 35.445 | M29: =L29*(1+$M$4) -> 44.901726
A30: 3.5 | B30: COMPACTAÇÃO DA ÁREA + ARREDORES | C30: 97084 | D30: COMPACTAÇÃO MECÂNICA DE SOLO PARA EXECUÇÃO DE RADIER, PISO DE CONCRETO OU LAJE SOBRE SOLO, COM COMPACTADOR DE SOLOS TIPO PLACA VIBRATÓRIA. AF_09/2021 | E30: M2 | F30: 195 | G30: =I30-H30 -> 0.29 | H30: =ROUNDUP(VLOOKUP(C30,'VALORES SINAPI'!A16:F7855,4,0)*I30,2) -> 0.56 | I30: =VLOOKUP(C30,'VALORES SINAPI'!A16:F7855,6,0) -> 0.85 | J30: =G30*F30 -> 56.55 | K30: =H30*F30 -> 109.2 | L30: =J30+K30 -> 165.75 | M30: =L30*(1+$M$4) -> 209.9721
A31: 3.6 | B31: GABARITO OBRA | C31: 99059 | D31: LOCAÇÃO - LOCACAO CONVENCIONAL DE OBRA, UTILIZANDO GABARITO DE TÁBUAS CORRIDAS | E31: M | F31: 55.3 | G31: =I31-H31 -> 41.13 | H31: =ROUNDUP(VLOOKUP(C31,'VALORES SINAPI'!A17:F7856,4,0)*I31,2) -> 32.61 | I31: =VLOOKUP(C31,'VALORES SINAPI'!A17:F7856,6,0) -> 73.74 | J31: =G31*F31 -> 2274.489 | K31: =H31*F31 -> 1803.333 | L31: =J31+K31 -> 4077.822 | M31: =L31*(1+$M$4) -> 5165.7849
A32: 3.7 | B32: LONA DE PROTEÇÃO JANELA | C32: 03642/ORSE | D32: LONA PLÁSTICA PRETA | E32: M2 | F32: 2 | G32: 3.05 | H32: =I32-G32 -> 3.05 | I32: 6.1 | J32: =G32*F32 -> 6.1 | K32: =H32*F32 -> 6.1 | L32: =J32+K32 -> 12.2 | M32: =L32*(1+$M$4) -> 15.45496
A34: 4 | B34: FUNDAÇÃO E INFRAESTRUTURA | J34: =SUM(J36:J54) -> 16825.195 | K34: =SUM(K36:K54) -> 6233.8489 | L34: =SUM(L36:L54) -> 23059.044 | M34: =SUM(M36:M54) -> 29211.197 | N34: =M34 -> 29211.197
B35: ESTACAS
A36: 4.1 | B36: ESTACA H=3.5M; D=25CM | C36: 100896 | D36: ESTACA ESCAVADA MECANICAMENTE, SEM FLUIDO ESTABILIZANTE, COM 25CM DE DIÂMETRO, CONCRETO LANÇADO POR CAMINHÃO BETONEIRA | E36: M | F36: 60 | G36: =I36-H36 -> 53.62 | H36: =ROUNDUP(VLOOKUP(C36,'VALORES SINAPI'!A22:F7861,4,0)*I36,2) -> 6.97 | I36: =VLOOKUP(C36,'VALORES SINAPI'!A22:F7861,6,0) -> 60.59 | J36: =G36*F36 -> 3217.2 | K36: =H36*F36 -> 418.2 | L36: =J36+K36 -> 3635.4 | M36: =L36*(1+$M$4) -> 4605.3247
A37: 4.2 | B37: ESTACAS | C37: 95576 | D37: MONTAGEM DE ARMADURA DE ESTACAS, DIÂMETRO = 8,0 MM. AF_09/2021_PS | E37: KG | F37: 79 | G37: =I37-H37 -> 11.69 | H37: =ROUNDUP(VLOOKUP(C37,'VALORES SINAPI'!A23:F7862,4,0)*I37,2) -> 2.24 | I37: =VLOOKUP(C37,'VALORES SINAPI'!A23:F7862,6,0) -> 13.93 | J37: =G37*F37 -> 923.51 | K37: =H37*F37 -> 176.96 | L37: =J37+K37 -> 1100.47 | M37: =L37*(1+$M$4) -> 1394.0754
B38: BLOCOS DE COROAMENTO
A39: 4.3 | B39: ESCAVAÇÃO BLOCOS | C39: 93358 | D39: ESCAVAÇÃO MANUAL DE VALA COM PROFUNDIDADE MENOR OU IGUAL A 1,30 M. AF_02/2021 | E39: M3 | F39: 3.85 | G39: =I39-H39 -> 36.35 | H39: =ROUNDUP(VLOOKUP(C39,'VALORES SINAPI'!A25:F7864,4,0)*I39,2) -> 69.07 | I39: =VLOOKUP(C39,'VALORES SINAPI'!A25:F7864,6,0) -> 105.42 | J39: =G39*F39 -> 139.9475 | K39: =H39*F39 -> 265.9195 | L39: =J39+K39 -> 405.867 | M39: =L39*(1+$M$4) -> 514.15232
A40: 4.4 | B40: REATERRO BLOCOS | C40: 93382 | D40: REATERRO MANUAL DE VALAS COM COMPACTAÇÃO MECANIZADA. AF_04/2016 | E40: M3 | F40: 0.5 | G40: =I40-H40 -> 12.13 | H40: =ROUNDUP(VLOOKUP(C40,'VALORES SINAPI'!A26:F7865,4,0)*I40,2) -> 18.59 | I40: =VLOOKUP(C40,'VALORES SINAPI'!A26:F7865,6,0) -> 30.72 | J40: =G40*F40 -> 6.065 | K40: =H40*F40 -> 9.295 | L40: =J40+K40 -> 15.36 | M40: =L40*(1+$M$4) -> 19.458048
A41: 4.5 | B41: BLOCO | C41: 96534 | D41: FABRICAÇÃO, MONTAGEM E DESMONTAGEM DE FÔRMA PARA BLOCO DE COROAMENTO, EM MADEIRA SERRADA, E=25 MM, 4 UTILIZAÇÕES. AF_06/2017 | E41: M2 | F41: 28.32 | G41: =I41-H41 -> 39.69 | H41: =ROUNDUP(VLOOKUP(C41,'VALORES SINAPI'!A27:F7866,4,0)*I41,2) -> 45.01 | I41: =VLOOKUP(C41,'VALORES SINAPI'!A27:F7866,6,0) -> 84.7 | J41: =G41*F41 -> 1124.0208 | K41: =H41*F41 -> 1274.6832 | L41: =J41+K41 -> 2398.704 | M41: =L41*(1+$M$4) -> 3038.6782
A42: 4.6 | B42: BLOCO (LASTRO CONCRETO MAGRO 3CM) | C42: 94962 | D42: CONCRETO MAGRO PARA LASTRO, TRAÇO 1:4,5:4,5 (EM MASSA SECA DE CIMENTO/ AREIA MÉDIA/ BRITA 1) - PREPARO MECÂNICO COM BETONEIRA 400 L. AF_05/2021 | E42: M3 | F42: 0.2 | G42: =I42-H42 -> 318.56 | H42: =ROUNDUP(VLOOKUP(C42,'VALORES SINAPI'!A28:F7867,4,0)*I42,2) -> 74 | I42: =VLOOKUP(C42,'VALORES SINAPI'!A28:F7867,6,0) -> 392.56 | J42: =G42*F42 -> 63.712 | K42: =H42*F42 -> 14.8 | L42: =J42+K42 -> 78.512 | M42: =L42*(1+$M$4) -> 99.459002
A43: 4.7 | B43: BLOCO - FERRAGEM | C43: 96545 | D43: ARMAÇÃO DE BLOCO UTILIZANDO AÇO CA-60 DE 5 MM - MONTAGEM. AF_01/2024 | E43: KG | F43: 59.5 | G43: =I43-H43 -> 13 | H43: =ROUNDUP(VLOOKUP(C43,'VALORES SINAPI'!A29:F7868,4,0)*I43,2) -> 5.16 | I43: =VLOOKUP(C43,'VALORES SINAPI'!A29:F7868,6,0) -> 18.16 | J43: =G43*F43 -> 773.5 | K43: =H43*F43 -> 307.02 | L43: =J43+K43 -> 1080.52 | M43: =L43*(1+$M$4) -> 1368.8027
A44: 4.8 | B44: BLOCO - FERRAGEM | C44: 96546 | D44: ARMAÇÃO DE BLOCO UTILIZANDO AÇO CA-50 DE 10 MM - MONTAGEM. AF_01/2024 | E44: KG | F44: 57.1 | G44: =I44-H44 -> 11.87 | H44: =ROUNDUP(VLOOKUP(C44,'VALORES SINAPI'!A30:F7869,4,0)*I44,2) -> 3.88 | I44: =VLOOKUP(C44,'VALORES SINAPI'!A30:F7869,6,0) -> 15.75 | J44: =G44*F44 -> 677.777 | K44: =H44*F44 -> 221.548 | L44: =J44+K44 -> 899.325 | M44: =L44*(1+$M$4) -> 1139.2649
A45: 4.9 | B45: BLOCO | C45: 96557 | D45: CONCRETAGEM DE BLOCO DE COROAMENTO OU VIGA BALDRAME, FCK 30 MPA, COM USO DE BOMBA - LANÇAMENTO, ADENSAMENTO E ACABAMENTO. AF_01/2024 | E45: M3 | F45: 3.42 | G45: =I45-H45 -> 626.85 | H45: =ROUNDUP(VLOOKUP(C45,'VALORES SINAPI'!A31:F7870,4,0)*I45,2) -> 17 | I45: =VLOOKUP(C45,'VALORES SINAPI'!A31:F7870,6,0) -> 643.85 | J45: =G45*F45 -> 2143.827 | K45: =H45*F45 -> 58.14 | L45: =J45+K45 -> 2201.967 | M45: =L45*(1+$M$4) -> 2789.4518
B46: VIGAS BALDRAME
A47: 4.10 | B47: BALDRAMES | C47: 96536 | D47: FABRICAÇÃO, MONTAGEM E DESMONTAGEM DE FÔRMA PARA VIGA BALDRAME, EM MADEIRA SERRADA E=25MM | E47: M2 | F47: 43.68 | G47: =I47-H47 -> 35.56 | H47: =ROUNDUP(VLOOKUP(C47,'VALORES SINAPI'!A33:F7872,4,0)*I47,2) -> 37.16 | I47: =VLOOKUP(C47,'VALORES SINAPI'!A33:F7872,6,0) -> 72.72 | J47: =G47*F47 -> 1553.2608 | K47: =H47*F47 -> 1623.1488 | L47: =J47+K47 -> 3176.4096 | M47: =L47*(1+$M$4) -> 4023.8757
A48: 4.11 | B48: BALDRAMES (LASTRO BRITA 3CM) | C48: 96624 | D48: LASTRO COM MATERIAL GRANULAR (PEDRA BRITADA N.2), APLICADO EM PISOS OU RADIERS, ESPESSURA DE *10 CM*. AF_08/2017 | E48: M3 | F48: 0.4 | G48: =I48-H48 -> 96.84 | H48: =ROUNDUP(VLOOKUP(C48,'VALORES SINAPI'!A34:F7873,4,0)*I48,2) -> 50.07 | I48: =VLOOKUP(C48,'VALORES SINAPI'!A34:F7873,6,0) -> 146.91 | J48: =G48*F48 -> 38.736 | K48: =H48*F48 -> 20.028 | L48: =J48+K48 -> 58.764 | M48: =L48*(1+$M$4) -> 74.442235
A49: 4.12 | B49: BALDRAMES - FERRAGEM | C49: 104918 | D49: ARMAÇÃO DE SAPATA ISOLADA, VIGA BALDRAME E SAPATA CORRIDA UTILIZANDO AÇO CA-50 DE 8 MM - MONTAGEM. AF_01/2024 | E49: KG | F49: 122.3 | G49: =I49-H49 -> 12.37 | H49: =ROUNDUP(VLOOKUP(C49,'VALORES SINAPI'!A35:F7874,4,0)*I49,2) -> 3.65 | I49: =VLOOKUP(C49,'VALORES SINAPI'!A35:F7874,6,0) -> 16.02 | J49: =G49*F49 -> 1512.851 | K49: =H49*F49 -> 446.395 | L49: =J49+K49 -> 1959.246 | M49: =L49*(1+$M$4) -> 2481.9728
A50: 4.13 | B50: BALDRAMES - FERRAGEM | C50: 104916 | D50: ARMAÇÃO DE SAPATA ISOLADA, VIGA BALDRAME E SAPATA CORRIDA UTILIZANDO AÇO CA-50 DE 5 MM - MONTAGEM. AF_01/2024 | E50: KG | F50: 68.7 | G50: =I50-H50 -> 12.29 | H50: =ROUNDUP(VLOOKUP(C50,'VALORES SINAPI'!A36:F7875,4,0)*I50,2) -> 6.85 | I50: =VLOOKUP(C50,'VALORES SINAPI'!A36:F7875,6,0) -> 19.14 | J50: =G50*F50 -> 844.323 | K50: =H50*F50 -> 470.595 | L50: =J50+K50 -> 1314.918 | M50: =L50*(1+$M$4) -> 1665.7381
A51: 4.14 | B51: BALDRAMES | C51: 96557 | D51: CONCRETAGEM DE BLOCOS DE COROAMENTO E VIGAS BALDRAMES, FCK 30 MPA, COM USO DE BOMBA - LANÇAMENTO, ADENSAMENTO E ACABAMENTO. AF_06/2017 | E51: M3 | F51: 3.14 | G51: =I51-H51 -> 626.85 | H51: =ROUNDUP(VLOOKUP(C51,'VALORES SINAPI'!A37:F7876,4,0)*I51,2) -> 17 | I51: =VLOOKUP(C51,'VALORES SINAPI'!A37:F7876,6,0) -> 643.85 | J51: =G51*F51 -> 1968.309 | K51: =H51*F51 -> 53.38 | L51: =J51+K51 -> 2021.689 | M51: =L51*(1+$M$4) -> 2561.0756
B52: IMPERMEABILIZAÇÃO
A53: 4.15 | B53: IMPERMEABILIZAÇÃO - BLOCO + BALDRAME | C53: 98557 | D53: IMPERMEABILIZAÇÃO DE SUPERFÍCIE COM EMULSÃO ASFÁLTICA, 2 DEMÃOS AF_06/2018 | E53: M2 | F53: 43.96 | G53: =I53-H53 -> 34.37 | H53: =ROUNDUP(VLOOKUP(C53,'VALORES SINAPI'!A39:F7878,4,0)*I53,2) -> 12.41 | I53: =VLOOKUP(C53,'VALORES SINAPI'!A39:F7878,6,0) -> 46.78 | J53: =G53*F53 -> 1510.9052 | K53: =H53*F53 -> 545.5436 | L53: =J53+K53 -> 2056.4488 | M53: =L53*(1+$M$4) -> 2605.1093
A54: 4.16 | B54: IMPERMEABILIZAÇÃO - RODAPÉ 30 CM | C54: 98555 | D54: IMPERMEABILIZAÇÃO DE SUPERFÍCIE COM ARGAMASSA POLIMÉRICA / MEMBRANA ACRÍLICA, 3 DEMÃOS. AF_06/2018 | E54: M2 | F54: 18.84 | G54: =I54-H54 -> 17.37 | H54: =ROUNDUP(VLOOKUP(C54,'VALORES SINAPI'!A40:F7879,4,0)*I54,2) -> 17.42 | I54: =VLOOKUP(C54,'VALORES SINAPI'!A40:F7879,6,0) -> 34.79 | J54: =G54*F54 -> 327.2508 | K54: =H54*F54 -> 328.1928 | L54: =J54+K54 -> 655.4436 | M54: =L54*(1+$M$4) -> 830.31595
A56: 5 | B56: SUPERESTRUTURA | J56: =SUM(J58:J66) -> 11389.845 | K56: =SUM(K58:K66) -> 3359.9913 | L56: =SUM(L58:L66) -> 14749.837 | M56: =SUM(M58:M66) -> 18685.093 | N56: =M56 -> 18685.093
B57: PILARES
A58: 5.1 | B58: PILARES | C58: 92419 | D58: MONTAGEM E DESMONTAGEM DE FÔRMA DE PILARES RETANGULARES E ESTRUTURAS SIMILARES COM ÁREA MÉDIA DAS SEÇÕES MAIOR QUE 0,25 M², PÉ-DIREITO SIMPLES, EM CHAPA DE MADEIRA COMPENSADA RESINADA, 4 UTILIZAÇÕES. AF_12/2015 | E58: M2 | F58: 33.6 | G58: =I58-H58 -> 58.68 | H58: =ROUNDUP(VLOOKUP(C58,'VALORES SINAPI'!A44:F7883,4,0)*I58,2) -> 35.01 | I58: =VLOOKUP(C58,'VALORES SINAPI'!A44:F7883,6,0) -> 93.69 | J58: =G58*F58 -> 1971.648 | K58: =H58*F58 -> 1176.336 | L58: =J58+K58 -> 3147.984 | M58: =L58*(1+$M$4) -> 3987.8661
A59: 5.2 | B59: PILARES (AÇO TODAS BITOLAS) | C59: 92762 | D59: ARMAÇÃO DE PILAR OU VIGA DE ESTRUTURA CONVENCIONAL DE CONCRETO ARMADO UTILIZANDO AÇO CA-50 DE 10,0 MM - MONTAGEM. AF_06/2022 | E59: KG | F59: =107.7+42.3 -> 150 | G59: =I59-H59 -> 10.82 | H59: =ROUNDUP(VLOOKUP(C59,'VALORES SINAPI'!A45:F7884,4,0)*I59,2) -> 1.29 | I59: =VLOOKUP(C59,'VALORES SINAPI'!A45:F7884,6,0) -> 12.11 | J59: =G59*F59 -> 1623 | K59: =H59*F59 -> 193.5 | L59: =J59+K59 -> 1816.5 | M59: =L59*(1+$M$4) -> 2301.1422
A60: 5.3 | B60: PILARES | C60: 103672 | D60: CONCRETAGEM DE PILARES, FCK = 25 MPA, COM USO DE BOMBA - LANÇAMENTO, ADENSAMENTO E ACABAMENTO. AF_02/2022_PS | E60: M3 | F60: 2.76 | G60: =I60-H60 -> 555.16 | H60: =ROUNDUP(VLOOKUP(C60,'VALORES SINAPI'!A46:F7885,4,0)*I60,2) -> 34.5 | I60: =VLOOKUP(C60,'VALORES SINAPI'!A46:F7885,6,0) -> 589.66 | J60: =G60*F60 -> 1532.2416 | K60: =H60*F60 -> 95.22 | L60: =J60+K60 -> 1627.4616 | M60: =L60*(1+$M$4) -> 2061.6684
B61: VIGAS
A62: 5.4 | B62: VIGAS | C62: 92419 | D62: MONTAGEM E DESMONTAGEM DE FÔRMA DE PILARES RETANGULARES E ESTRUTURAS SIMILARES COM ÁREA MÉDIA DAS SEÇÕES MAIOR QUE 0,25 M², PÉ-DIREITO SIMPLES, EM CHAPA DE MADEIRA COMPENSADA RESINADA, 4 UTILIZAÇÕES. AF_12/2015 | E62: M2 | F62: 42.5 | G62: =I62-H62 -> 58.68 | H62: =ROUNDUP(VLOOKUP(C62,'VALORES SINAPI'!A48:F7887,4,0)*I62,2) -> 35.01 | I62: =VLOOKUP(C62,'VALORES SINAPI'!A48:F7887,6,0) -> 93.69 | J62: =G62*F62 -> 2493.9 | K62: =H62*F62 -> 1487.925 | L62: =J62+K62 -> 3981.825 | M62: =L62*(1+$M$4) -> 5044.1759
A63: 5.5 | B63: VIGAS - FERRAGEM | C63: 92762 | D63: ARMAÇÃO DE PILAR OU VIGA DE ESTRUTURA CONVENCIONAL DE CONCRETO ARMADO UTILIZANDO AÇO CA-50 DE 10,0 MM - MONTAGEM. AF_06/2022 | E63: KG | F63: 20.3 | G63: =I63-H63 -> 10.82 | H63: =ROUNDUP(VLOOKUP(C63,'VALORES SINAPI'!A49:F7888,4,0)*I63,2) -> 1.29 | I63: =VLOOKUP(C63,'VALORES SINAPI'!A49:F7888,6,0) -> 12.11 | J63: =G63*F63 -> 219.646 | K63: =H63*F63 -> 26.187 | L63: =J63+K63 -> 245.833 | M63: =L63*(1+$M$4) -> 311.42124
A64: 5.6 | B64: VIGAS - FERRAGEM | C64: 92762 | D64: ARMAÇÃO DE PILAR OU VIGA DE ESTRUTURA CONVENCIONAL DE CONCRETO ARMADO UTILIZANDO AÇO CA-50 DE 8,0 MM - MONTAGEM. AF_06/2022 | E64: KG | F64: 106.6 | G64: =I64-H64 -> 10.82 | H64: =ROUNDUP(VLOOKUP(C64,'VALORES SINAPI'!A50:F7889,4,0)*I64,2) -> 1.29 | I64: =VLOOKUP(C64,'VALORES SINAPI'!A50:F7889,6,0) -> 12.11 | J64: =G64*F64 -> 1153.412 | K64: =H64*F64 -> 137.514 | L64: =J64+K64 -> 1290.926 | M64: =L64*(1+$M$4) -> 1635.3451
A65: 5.7 | B65: VIGAS - FERRAGEM | C65: 92762 | D65: ARMAÇÃO DE PILAR OU VIGA DE ESTRUTURA CONVENCIONAL DE CONCRETO ARMADO UTILIZANDO AÇO CA-50 DE 5,0 MM - MONTAGEM. AF_06/2022 | E65: KG | F65: 64.1 | G65: =I65-H65 -> 10.82 | H65: =ROUNDUP(VLOOKUP(C65,'VALORES SINAPI'!A51:F7890,4,0)*I65,2) -> 1.29 | I65: =VLOOKUP(C65,'VALORES SINAPI'!A51:F7890,6,0) -> 12.11 | J65: =G65*F65 -> 693.562 | K65: =H65*F65 -> 82.689 | L65: =J65+K65 -> 776.251 | M65: =L65*(1+$M$4) -> 983.35477
A66: 5.8 | B66: VIGAS | C66: 103674 | D66: CONCRETAGEM DE VIGAS E LAJES, FCK=25 MPA - LANÇAMENTO, ADENSAMENTO E ACABAMENTO. AF_02/2022_PS | E66: M3 | F66: 3.03 | G66: =I66-H66 -> 561.86 | H66: =ROUNDUP(VLOOKUP(C66,'VALORES SINAPI'!A52:F7891,4,0)*I66,2) -> 53.01 | I66: =VLOOKUP(C66,'VALORES SINAPI'!A52:F7891,6,0) -> 614.87 | J66: =G66*F66 -> 1702.4358 | K66: =H66*F66 -> 160.6203 | L66: =J66+K66 -> 1863.0561 | M66: =L66*(1+$M$4) -> 2360.1195
A68: 6 | B68: COBERTURA | J68: =SUM(J69:J79) -> 35026.833 | K68: =SUM(K69:K79) -> 10476.11 | L68: =SUM(L69:L79) -> 45502.943 | M68: =SUM(M69:M79) -> 57643.128 | N68: =M68 -> 57643.128
A69: 6.1 | B69: TESOURAS MADEIRA - 9M | C69: 92551 | D69: FABRICAÇÃO E INSTALAÇÃO DE TESOURA INTEIRA EM MADEIRA NÃO APARELHADA, VÃO DE 9 M, PARA TELHA CERÂMICA OU DE CONCRETO, INCLUSO IÇAMENTO. AF_07/2019 | E69: UN | F69: 5 | G69: =I69-H69 -> 1976.6 | H69: =ROUNDUP(VLOOKUP(C69,'VALORES SINAPI'!A55:F7894,4,0)*I69,2) -> 773.65 | I69: =VLOOKUP(C69,'VALORES SINAPI'!A55:F7894,6,0) -> 2750.25 | J69: =G69*F69 -> 9883 | K69: =H69*F69 -> 3868.25 | L69: =J69+K69 -> 13751.25 | M69: =L69*(1+$M$4) -> 17420.084
A70: 6.2 | B70: MADEIRAMENTO | C70: 92539 | D70: TRAMA DE MADEIRA COMPOSTA POR RIPAS, CAIBROS E TERÇAS PARA TELHADOS DE ATÉ 2 ÁGUAS PARA TELHA DE ENCAIXE DE CERÂMICA OU DE CONCRETO, INCLUSO TRANSPORTE VERTICAL. AF_07/2019 | E70: M2 | F70: 125 | G70: =I70-H70 -> 73.89 | H70: =ROUNDUP(VLOOKUP(C70,'VALORES SINAPI'!A56:F7895,4,0)*I70,2) -> 19.05 | I70: =VLOOKUP(C70,'VALORES SINAPI'!A56:F7895,6,0) -> 92.94 | J70: =G70*F70 -> 9236.25 | K70: =H70*F70 -> 2381.25 | L70: =J70+K70 -> 11617.5 | M70: =L70*(1+$M$4) -> 14717.049
A71: 6.3 | B71: TELHA CERÂMICA | C71: 94195 | D71: TELHAMENTO COM TELHA CERÂMICA DE ENCAIXE, TIPO PORTUGUESA, COM ATÉ 2 ÁGUAS, INCLUSO TRANSPORTE VERTICAL. AF_07/2019 | E71: M2 | F71: 125 | G71: =I71-H71 -> 36.04 | H71: =ROUNDUP(VLOOKUP(C71,'VALORES SINAPI'!A57:F7896,4,0)*I71,2) -> 7.74 | I71: =VLOOKUP(C71,'VALORES SINAPI'!A57:F7896,6,0) -> 43.78 | J71: =G71*F71 -> 4505 | K71: =H71*F71 -> 967.5 | L71: =J71+K71 -> 5472.5 | M71: =L71*(1+$M$4) -> 6932.563
A72: 6.4 | B72: CUMEEIRA CREÂMICA | C72: 94221 | D72: CUMEEIRA PARA TELHA CERÂMICA EMBOÇADA COM ARGAMASSA TRAÇO 1:2:9 (CIMENTO, CAL E AREIA) PARA TELHADOS COM ATÉ 2 ÁGUAS, INCLUSO TRANSPORTE VERTICAL. AF_07/2019 | E72: M | F72: 11.5 | G72: =I72-H72 -> 21.18 | H72: =ROUNDUP(VLOOKUP(C72,'VALORES SINAPI'!A58:F7897,4,0)*I72,2) -> 9.22 | I72: =VLOOKUP(C72,'VALORES SINAPI'!A58:F7897,6,0) -> 30.4 | J72: =G72*F72 -> 243.57 | K72: =H72*F72 -> 106.03 | L72: =J72+K72 -> 349.6 | M72: =L72*(1+$M$4) -> 442.87328
A73: 6.5 | B73: TESOURAS MADEIRA - 6M | C73: 92548 | D73: FABRICAÇÃO E INSTALAÇÃO DE TESOURA INTEIRA EM MADEIRA NÃO APARELHADA, VÃO DE 6 M, PARA TELHA CERÂMICA OU DE CONCRETO, INCLUSO IÇAMENTO. AF_07/2019 | E73: UN | F73: 2 | G73: =I73-H73 -> 1256.56 | H73: =ROUNDUP(VLOOKUP(C73,'VALORES SINAPI'!A59:F7898,4,0)*I73,2) -> 501.86 | I73: =VLOOKUP(C73,'VALORES SINAPI'!A59:F7898,6,0) -> 1758.42 | J73: =G73*F73 -> 2513.12 | K73: =H73*F73 -> 1003.72 | L73: =J73+K73 -> 3516.84 | M73: =L73*(1+$M$4) -> 4455.1329
A74: 6.6 | B74: MADEIRAMENTO | C74: 92539 | D74: TRAMA DE MADEIRA COMPOSTA POR RIPAS, CAIBROS E TERÇAS PARA TELHADOS DE ATÉ 2 ÁGUAS PARA TELHA DE ENCAIXE DE CERÂMICA OU DE CONCRETO, INCLUSO TRANSPORTE VERTICAL. AF_07/2019 | E74: M2 | F74: 16.8 | G74: =I74-H74 -> 73.89 | H74: =ROUNDUP(VLOOKUP(C74,'VALORES SINAPI'!A60:F7899,4,0)*I74,2) -> 19.05 | I74: =VLOOKUP(C74,'VALORES SINAPI'!A60:F7899,6,0) -> 92.94 | J74: =G74*F74 -> 1241.352 | K74: =H74*F74 -> 320.04 | L74: =J74+K74 -> 1561.392 | M74: =L74*(1+$M$4) -> 1977.9714
A75: 6.7 | B75: TELHA TERMOACÚSTICA | C75: 94216 | D75: TELHAMENTO COM TELHA METÁLICA TERMOACÚSTICA E = 30 MM, COM ATÉ 2 ÁGUAS, INCLUSO IÇAMENTO. AF_07/2019 | E75: M2 | F75: 16.8 | G75: =I75-H75 -> 197.68 | H75: =ROUNDUP(VLOOKUP(C75,'VALORES SINAPI'!A61:F7900,4,0)*I75,2) -> 2.47 | I75: =VLOOKUP(C75,'VALORES SINAPI'!A61:F7900,6,0) -> 200.15 | J75: =G75*F75 -> 3321.024 | K75: =H75*F75 -> 41.496 | L75: =J75+K75 -> 3362.52 | M75: =L75*(1+$M$4) -> 4259.6403
A76: 6.8 | B76: CUMEEIRA TERMOACÚSTICA | C76: 00254 ORSE | D76: CUMEEIRA EM ALUMÍNIO - 30CM DE CADA LADO, E= 0,8MM | E76: M | F76: 2.3 | G76: 104.59 | H76: =I76-G76 -> 8.4 | I76: 112.99 | J76: =G76*F76 -> 240.557 | K76: =H76*F76 -> 19.32 | L76: =J76+K76 -> 259.877 | M76: =L76*(1+$M$4) -> 329.21218
A77: 6.9 | B77: SUBCOBERTURA | C77: 94226 | D77: SUBCOBERTURA COM MANTA PLÁSTICA REVESTIDA POR PELÍCULA DE ALUMÍNO, INCLUSO TRANSPORTE VERTICAL. AF_07/2019 | E77: M2 | F77: =F70+F74 -> 141.8 | G77: =I77-H77 -> 12.1 | H77: =ROUNDUP(VLOOKUP(C77,'VALORES SINAPI'!A63:F7902,4,0)*I77,2) -> 7.63 | I77: =VLOOKUP(C77,'VALORES SINAPI'!A63:F7902,6,0) -> 19.73 | J77: =G77*F77 -> 1715.78 | K77: =H77*F77 -> 1081.934 | L77: =J77+K77 -> 2797.714 | M77: =L77*(1+$M$4) -> 3544.1441
A78: 6.10 | B78: RUFOS - TABEIRA E ENCOSTO | C78: 94231 | D78: RUFO EM CHAPA DE AÇO GALVANIZADO NÚMERO 24, CORTE DE 25 CM, INCLUSO TRANSPORTE | E78: M | F78: 39.5 | G78: =I78-H78 -> 41.64 | H78: =ROUNDUP(VLOOKUP(C78,'VALORES SINAPI'!A64:F7903,4,0)*I78,2) -> 7.06 | I78: =VLOOKUP(C78,'VALORES SINAPI'!A64:F7903,6,0) -> 48.7 | J78: =G78*F78 -> 1644.78 | K78: =H78*F78 -> 278.87 | L78: =J78+K78 -> 1923.65 | M78: =L78*(1+$M$4) -> 2436.8798
A79: 6.11 | B79: TABEIRAS | C79: 11092/ORSE | D79: TABEIRA DE MADEIRA LEI, 1A QUALIDADE, 2,5X10,0CM PARA BEIRAL DE TELHADO - REV 01_12/2021 | E79: M | F79: 45 | G79: 10.72 | H79: =I79-G79 -> 9.06 | I79: 19.78 | J79: =G79*F79 -> 482.4 | K79: =H79*F79 -> 407.7 | L79: =J79+K79 -> 890.1 | M79: =L79*(1+$M$4) -> 1127.5787
A81: 7 | B81: ALVENARIA E OUTRAS VEDAÇÕES | J81: =SUM(J82:J85) -> 20762.136 | K81: =SUM(K82:K85) -> 14927.008 | L81: =SUM(L82:L85) -> 35689.145 | M81: =SUM(M82:M85) -> 45211.008 | N81: =M81 -> 45211.008
A82: 7.1 | B82: ALVENARIA DE VEDAÇÃO | C82: 103334 | D82: ALVENARIA DE VEDAÇÃO DE BLOCOS CERÂMICOS FURADOS NA HORIZONTAL DE 14X9X19 CM (ESPESSURA 14 CM, BLOCO DEITADO) E ARGAMASSA DE ASSENTAMENTO COM PREPARO EM BETONEIRA. AF_12/2021 | E82: M2 | F82: 172 | G82: =I82-H82 -> 79.4 | H82: 80.32 | I82: 159.72 | J82: =G82*F82 -> 13656.8 | K82: =H82*F82 -> 13815.04 | L82: =J82+K82 -> 27471.84 | M82: =L82*(1+$M$4) -> 34801.327
A83: 7.2 | B83: VERGAS/ CONTRAVERGAS - PORTAS E JANELAS | C83: 93184 | D83: VERGA PRÉ-MOLDADA COM ATÉ 1,5 M DE VÃO, ESPESSURA DE *20* CM. AF_03/2024 | E83: M | F83: 62 | G83: =I83-H83 -> 23.81 | H83: =ROUNDUP(VLOOKUP(C83,'VALORES SINAPI'!A69:F7908,4,0)*I83,2) -> 6.43 | I83: =VLOOKUP(C83,'VALORES SINAPI'!A69:F7908,6,0) -> 30.24 | J83: =G83*F83 -> 1476.22 | K83: =H83*F83 -> 398.66 | L83: =J83+K83 -> 1874.88 | M83: =L83*(1+$M$4) -> 2375.098
A84: 7.3 | B84: DIVISÓRIAS - DRYWALL | C84: 96359 | D84: PAREDE COM SISTEMA EM CHAPAS DE GESSO PARA DRYWALL, USO INTERNO, COM DUAS FACES SIMPLES E ESTRUTURA METÁLICA COM GUIAS SIMPLES PARA PAREDES COM ÁREA LÍQUIDA MAIOR OU IGUAL A 6 M2, COM VÃOS. AF_07/2023_PS | E84: M2 | F84: 43.95 | G84: =I84-H84 -> 92.38 | H84: =ROUNDUP(VLOOKUP(C84,'VALORES SINAPI'!A70:F7909,4,0)*I84,2) -> 16.23 | I84: =VLOOKUP(C84,'VALORES SINAPI'!A70:F7909,6,0) -> 108.61 | J84: =G84*F84 -> 4060.101 | K84: =H84*F84 -> 713.3085 | L84: =J84+K84 -> 4773.4095 | M84: =L84*(1+$M$4) -> 6046.9552
A85: 7.4 | B85: ISOLAMENTO TERMO-ACÚSTICO - DRYWALL | C85: 07704/ORSE | D85: MANTA EM LÃ DE ROCHA DE 25MM - FORNECIMENTO E APLICAÇÃO | E85: M2 | F85: 43.95 | G85: 35.7 | H85: =I85-G85 -> 0 | I85: 35.7 | J85: =G85*F85 -> 1569.015 | K85: =H85*F85 -> 0 | L85: =J85+K85 -> 1569.015 | M85: =L85*(1+$M$4) -> 1987.6282
A87: 8 | B87: INSTALAÇÕES HIDROSSANITÁRIAS | J87: =SUM(J88:J127) -> 4285.5355 | K87: =SUM(K88:K127) -> 3569.4144 | L87: =SUM(L88:L127) -> 7854.9499 | M87: =SUM(M88:M127) -> 9950.6505 | N87: =M87 -> 9950.6505
A88: 8.1 | B88: ESGOTO
A89: 4.3 | B89: ESCAVAÇÃO | C89: 93358 | D89: ESCAVAÇÃO MANUAL DE VALA COM PROFUNDIDADE MENOR OU IGUAL A 1,30 M. AF_02/2021 | E89: M3 | F89: =(25+15+5)*0.3*0.5+0.3*0.3*0.4*2 -> 6.822 | G89: =I89-H89 -> 36.35 | H89: =ROUNDUP(VLOOKUP(C89,'VALORES SINAPI'!A75:F7914,4,0)*I89,2) -> 69.07 | I89: =VLOOKUP(C89,'VALORES SINAPI'!A75:F7914,6,0) -> 105.42 | J89: =G89*F89 -> 247.9797 | K89: =H89*F89 -> 471.19554 | L89: =J89+K89 -> 719.17524 | M89: =L89*(1+$M$4) -> 911.05119
A90: 4.4 | B90: REATERRO | C90: 93382 | D90: REATERRO MANUAL DE VALAS COM COMPACTAÇÃO MECANIZADA. AF_04/2016 | E90: M3 | F90: =F89*0.9 -> 6.1398 | G90: =I90-H90 -> 12.13 | H90: =ROUNDUP(VLOOKUP(C90,'VALORES SINAPI'!A76:F7915,4,0)*I90,2) -> 18.59 | I90: =VLOOKUP(C90,'VALORES SINAPI'!A76:F7915,6,0) -> 30.72 | J90: =G90*F90 -> 74.475774 | K90: =H90*F90 -> 114.13888 | L90: =J90+K90 -> 188.61466 | M90: =L90*(1+$M$4) -> 238.93705
A91: 8.1.1 | B91: CAIXA DE PASSAGEM | C91: 97900 | D91: CAIXA ENTERRADA HIDRÁULICA RETANGULAR EM ALVENARIA COM TIJOLOS CERÂMICOS MACIÇOS, DIMENSÕES INTERNAS: 0,3X0,3X0,3 M PARA REDE DE ESGOTO. AF_12/2020 | E91: UN | F91: 2 | G91: =I91-H91 -> 111.5 | H91: =ROUNDUP(VLOOKUP(C91,'VALORES SINAPI'!A77:F7916,4,0)*I91,2) -> 91.83 | I91: =VLOOKUP(C91,'VALORES SINAPI'!A77:F7916,6,0) -> 203.33 | J91: =G91*F91 -> 223 | K91: =H91*F91 -> 183.66 | L91: =J91+K91 -> 406.66 | M91: =L91*(1+$M$4) -> 515.15689
A92: 8.1.2 | B92: CAIXA SIFONADA | C92: 104329 | D92: CAIXA SIFONADA, COM GRELHA REDONDA, PVC, DN 150 X 150 X 50 MM, JUNTA SOLDÁVEL, FORNECIDA E INSTALADA EM RAMAL DE DESCARGA OU EM RAMAL DE ESGOTO SANITÁRIO. AF_08/2022 | E92: UN | F92: 3 | G92: =I92-H92 -> 65.96 | H92: =ROUNDUP(VLOOKUP(C92,'VALORES SINAPI'!A78:F7917,4,0)*I92,2) -> 18.4 | I92: =VLOOKUP(C92,'VALORES SINAPI'!A78:F7917,6,0) -> 84.36 | J92: =G92*F92 -> 197.88 | K92: =H92*F92 -> 55.2 | L92: =J92+K92 -> 253.08 | M92: =L92*(1+$M$4) -> 320.60174
A93: 8.1.3 | B93: CURVA 90 40 MM | C93: 89728 | D93: CURVA CURTA 90 GRAUS, PVC, SERIE NORMAL, ESGOTO PREDIAL, DN 40 MM, JUNTA SOLDÁVEL, FORNECIDO E INSTALADO EM RAMAL DE DESCARGA OU RAMAL DE ESGOTO SANITÁRIO. AF_08/2022 | E93: UN | F93: 5 | G93: =I93-H93 -> 9.08 | H93: =ROUNDUP(VLOOKUP(C93,'VALORES SINAPI'!A79:F7918,4,0)*I93,2) -> 5.52 | I93: =VLOOKUP(C93,'VALORES SINAPI'!A79:F7918,6,0) -> 14.6 | J93: =G93*F93 -> 45.4 | K93: =H93*F93 -> 27.6 | L93: =J93+K93 -> 73 | M93: =L93*(1+$M$4) -> 92.4764
A94: 8.1.4 | B94: CURVA 90 100 MM | C94: 89748 | D94: CURVA CURTA 90 GRAUS, PVC, SERIE NORMAL, ESGOTO PREDIAL, DN 100 MM, JUNTA ELÁSTICA, FORNECIDO E INSTALADO EM RAMAL DE DESCARGA OU RAMAL DE ESGOTO SANITÁRIO. AF_08/2022 | E94: UN | F94: 2 | G94: =I94-H94 -> 35.2 | H94: =ROUNDUP(VLOOKUP(C94,'VALORES SINAPI'!A80:F7919,4,0)*I94,2) -> 8.38 | I94: =VLOOKUP(C94,'VALORES SINAPI'!A80:F7919,6,0) -> 43.58 | J94: =G94*F94 -> 70.4 | K94: =H94*F94 -> 16.76 | L94: =J94+K94 -> 87.16 | M94: =L94*(1+$M$4) -> 110.41429
A95: 8.1.5 | B95: JOELHO 45 100 MM | C95: 89746 | D95: JOELHO 45 GRAUS, PVC, SERIE NORMAL, ESGOTO PREDIAL, DN 100 MM, JUNTA ELÁSTICA, FORNECIDO E INSTALADO EM RAMAL DE DESCARGA OU RAMAL DE ESGOTO SANITÁRIO. AF_08/2022 | E95: UN | F95: 5 | G95: =I95-H95 -> 21.54 | H95: =ROUNDUP(VLOOKUP(C95,'VALORES SINAPI'!A81:F7920,4,0)*I95,2) -> 8.37 | I95: =VLOOKUP(C95,'VALORES SINAPI'!A81:F7920,6,0) -> 29.91 | J95: =G95*F95 -> 107.7 | K95: =H95*F95 -> 41.85 | L95: =J95+K95 -> 149.55 | M95: =L95*(1+$M$4) -> 189.44994
A96: 8.1.6 | B96: JOELHO 45 40 MM | C96: 89726 | D96: JOELHO 45 GRAUS, PVC, SERIE NORMAL, ESGOTO PREDIAL, DN 40 MM, JUNTA SOLDÁVEL, FORNECIDO E INSTALADO EM RAMAL DE DESCARGA OU RAMAL DE ESGOTO SANITÁRIO. AF_08/2022 | E96: UN | F96: 6 | G96: =I96-H96 -> 6.51 | H96: =ROUNDUP(VLOOKUP(C96,'VALORES SINAPI'!A82:F7921,4,0)*I96,2) -> 5.51 | I96: =VLOOKUP(C96,'VALORES SINAPI'!A82:F7921,6,0) -> 12.02 | J96: =G96*F96 -> 39.06 | K96: =H96*F96 -> 33.06 | L96: =J96+K96 -> 72.12 | M96: =L96*(1+$M$4) -> 91.361616
A97: 8.1.7 | B97: JOELHO 45 50 MM | C97: 89732 | D97: JOELHO 45 GRAUS, PVC, SERIE NORMAL, ESGOTO PREDIAL, DN 50 MM, JUNTA ELÁSTICA, FORNECIDO E INSTALADO EM RAMAL DE DESCARGA OU RAMAL DE ESGOTO SANITÁRIO. AF_08/2022 | E97: UN | F97: 2 | G97: =I97-H97 -> 10.87 | H97: =ROUNDUP(VLOOKUP(C97,'VALORES SINAPI'!A83:F7922,4,0)*I97,2) -> 6 | I97: =VLOOKUP(C97,'VALORES SINAPI'!A83:F7922,6,0) -> 16.87 | J97: =G97*F97 -> 21.74 | K97: =H97*F97 -> 12 | L97: =J97+K97 -> 33.74 | M97: =L97*(1+$M$4) -> 42.741832
A98: 8.1.8 | B98: JOELHO 90 40 MM | C98: 89724 | D98: JOELHO 90 GRAUS, PVC, SERIE NORMAL, ESGOTO PREDIAL, DN 40 MM, JUNTA SOLDÁVEL, FORNECIDO E INSTALADO EM RAMAL DE DESCARGA OU RAMAL DE ESGOTO SANITÁRIO. AF_08/2022 | E98: UN | F98: 6 | G98: =I98-H98 -> 6.29 | H98: =ROUNDUP(VLOOKUP(C98,'VALORES SINAPI'!A84:F7923,4,0)*I98,2) -> 5.51 | I98: =VLOOKUP(C98,'VALORES SINAPI'!A84:F7923,6,0) -> 11.8 | J98: =G98*F98 -> 37.74 | K98: =H98*F98 -> 33.06 | L98: =J98+K98 -> 70.8 | M98: =L98*(1+$M$4) -> 89.68944
A99: 8.1.9 | B99: JUNÇÃO SIMPLES 100 X 50 MM (ADAPTADO) | C99: 89797 | D99: JUNÇÃO SIMPLES, PVC, SERIE NORMAL, ESGOTO PREDIAL, DN 100 X 100 MM, JUNTA ELÁSTICA, FORNECIDO E INSTALADO EM RAMAL DE DESCARGA OU RAMAL DE ESGOTO SANITÁRIO. AF_08/2022 | E99: UN | F99: 2 | G99: =I99-H99 -> 41.7 | H99: =ROUNDUP(VLOOKUP(C99,'VALORES SINAPI'!A85:F7924,4,0)*I99,2) -> 11.17 | I99: =VLOOKUP(C99,'VALORES SINAPI'!A85:F7924,6,0) -> 52.87 | J99: =G99*F99 -> 83.4 | K99: =H99*F99 -> 22.34 | L99: =J99+K99 -> 105.74 | M99: =L99*(1+$M$4) -> 133.95143
A100: 8.1.10 | B100: JUNÇÃO SIMPLES 100 X 100 MM | C100: 89797 | D100: JUNÇÃO SIMPLES, PVC, SERIE NORMAL, ESGOTO PREDIAL, DN 100 X 100 MM, JUNTA ELÁSTICA, FORNECIDO E INSTALADO EM RAMAL DE DESCARGA OU RAMAL DE ESGOTO SANITÁRIO. AF_08/2022 | E100: UN | F100: 1 | G100: =I100-H100 -> 41.7 | H100: =ROUNDUP(VLOOKUP(C100,'VALORES SINAPI'!A86:F7925,4,0)*I100,2) -> 11.17 | I100: =VLOOKUP(C100,'VALORES SINAPI'!A86:F7925,6,0) -> 52.87 | J100: =G100*F100 -> 41.7 | K100: =H100*F100 -> 11.17 | L100: =J100+K100 -> 52.87 | M100: =L100*(1+$M$4) -> 66.975716
A101: 8.1.11 | B101: JUNÇÃO SIMPLES 40 X 40 MM | C101: 89783 | D101: JUNÇÃO SIMPLES, PVC, SERIE NORMAL, ESGOTO PREDIAL, DN 40 MM, JUNTA SOLDÁVEL, FORNECIDO E INSTALADO EM RAMAL DE DESCARGA OU RAMAL DE ESGOTO SANITÁRIO. AF_08/2022 | E101: UN | F101: 2 | G101: =I101-H101 -> 9.64 | H101: =ROUNDUP(VLOOKUP(C101,'VALORES SINAPI'!A87:F7926,4,0)*I101,2) -> 7.36 | I101: =VLOOKUP(C101,'VALORES SINAPI'!A87:F7926,6,0) -> 17 | J101: =G101*F101 -> 19.28 | K101: =H101*F101 -> 14.72 | L101: =J101+K101 -> 34 | M101: =L101*(1+$M$4) -> 43.0712
A102: 8.1.12 | B102: LUVA SIMPLES 100 MM | C102: 89856 | D102: LUVA SIMPLES, PVC, SERIE NORMAL, ESGOTO PREDIAL, DN 100 MM, JUNTA ELÁSTICA, FORNECIDO E INSTALADO EM RAMAL DE DESCARGA OU RAMAL DE ESGOTO SANITÁRIO. AF_08/2022 | E102: UN | F102: 3 | G102: =I102-H102 -> 14.82 | H102: =ROUNDUP(VLOOKUP(C102,'VALORES SINAPI'!A88:F7927,4,0)*I102,2) -> 8.04 | I102: =VLOOKUP(C102,'VALORES SINAPI'!A88:F7927,6,0) -> 22.86 | J102: =G102*F102 -> 44.46 | K102: =H102*F102 -> 24.12 | L102: =J102+K102 -> 68.58 | M102: =L102*(1+$M$4) -> 86.877144
... A105: 8.1.15 | B105: TUBO PVC 50MM | C105: 89712 | D105: TUBO PVC, SERIE NORMAL, ESGOTO PREDIAL, DN 50 MM, FORNECIDO E INSTALADO EM RAMAL DE DESCARGA OU RAMAL DE ESGOTO SANITÁRIO. AF_08/2022 | E105: M | F105: 5 | G105: =I105-H105 -> 16.45 | H105: =ROUNDUP(VLOOKUP(C105,'VALORES SINAPI'!A91:F7930,4,0)*I105,2) -> 13.83 | I105: =VLOOKUP(C105,'VALORES SINAPI'!A91:F7930,6,0) -> 30.28 | J105: =G105*F105 -> 82.25 | K105: =H105*F105 -> 69.15 | L105: =J105+K105 -> 151.4 | M105: =L105*(1+$M$4) -> 191.79352
A106: 8.2 | B106: ALIMENTAÇÃO - HIDRÁULICA
A107: 8.2.1 | B107: REGISTRO DE ESFERA | C107: 103047 | D107: REGISTRO DE ESFERA, PVC, SOLDÁVEL, COM VOLANTE, DN 20 MM - FORNECIMENTO E INSTALAÇÃO. AF_08/2021 | E107: UN | F107: 1 | G107: =I107-H107 -> 21.69 | H107: =ROUNDUP(VLOOKUP(C107,'VALORES SINAPI'!A93:F7932,4,0)*I107,2) -> 3.73 | I107: =VLOOKUP(C107,'VALORES SINAPI'!A93:F7932,6,0) -> 25.42 | J107: =G107*F107 -> 21.69 | K107: =H107*F107 -> 3.73 | L107: =J107+K107 -> 25.42 | M107: =L107*(1+$M$4) -> 32.202056
A108: 8.2.2 | B108: TUBULAÇÃO PARA LIGAÇÃO DA ALIMENTAÇÃO | C108: 89355 | D108: TUBO, PVC, SOLDÁVEL, DE 20MM, INSTALADO EM RAMAL OU SUB-RAMAL DE ÁGUA - FORNECIMENTO E INSTALAÇÃO. AF_06/2022 | E108: M | F108: 15 | G108: =I108-H108 -> 9.51 | H108: =ROUNDUP(VLOOKUP(C108,'VALORES SINAPI'!A94:F7933,4,0)*I108,2) -> 14.25 | I108: =VLOOKUP(C108,'VALORES SINAPI'!A94:F7933,6,0) -> 23.76 | J108: =G108*F108 -> 142.65 | K108: =H108*F108 -> 213.75 | L108: =J108+K108 -> 356.4 | M108: =L108*(1+$M$4) -> 451.48752
A109: 8.2.3 | B109: TÊ DE DERIVAÇÃO DO PONTO DE ÁGUA | C109: 94688 | D109: TÊ, PVC, SOLDÁVEL, DN 25 MM INSTALADO EM RESERVAÇÃO PREDIAL DE ÁGUA - FORNECIMENTO E INSTALAÇÃO. AF_04/2024 | E109: UN | F109: 1 | G109: =I109-H109 -> 4.31 | H109: =ROUNDUP(VLOOKUP(C109,'VALORES SINAPI'!A95:F7934,4,0)*I109,2) -> 3.33 | I109: =VLOOKUP(C109,'VALORES SINAPI'!A95:F7934,6,0) -> 7.64 | J109: =G109*F109 -> 4.31 | K109: =H109*F109 -> 3.33 | L109: =J109+K109 -> 7.64 | M109: =L109*(1+$M$4) -> 9.678352
A110: 8.2.4 | B110: JOELHO 90 20 MM | C110: 89358 | D110: JOELHO 90 GRAUS, PVC, SOLDÁVEL, DN 20MM, INSTALADO EM RAMAL OU SUB-RAMAL DE ÁGUA - FORNECIMENTO E INSTALAÇÃO. AF_06/2022 | E110: UN | F110: 4 | G110: =I110-H110 -> 3.74 | H110: =ROUNDUP(VLOOKUP(C110,'VALORES SINAPI'!A96:F7935,4,0)*I110,2) -> 5.7 | I110: =VLOOKUP(C110,'VALORES SINAPI'!A96:F7935,6,0) -> 9.44 | J110: =G110*F110 -> 14.96 | K110: =H110*F110 -> 22.8 | L110: =J110+K110 -> 37.76 | M110: =L110*(1+$M$4) -> 47.834368
A111: 8.2.5 | B111: CAIXA D'ÁGUA 500 L | C111: 102622 | D111: CAIXA D´ÁGUA EM POLIETILENO, 500 LITROS (INCLUSOS TUBOS, CONEXÕES E TORNEIRA DE BÓIA) - FORNECIMENTO E INSTALAÇÃO. AF_06/2021 | E111: UN | F111: 1 | G111: =I111-H111 -> 546.7 | H111: =ROUNDUP(VLOOKUP(C111,'VALORES SINAPI'!A97:F7936,4,0)*I111,2) -> 82.85 | I111: =VLOOKUP(C111,'VALORES SINAPI'!A97:F7936,6,0) -> 629.55 | J111: =G111*F111 -> 546.7 | K111: =H111*F111 -> 82.85 | L111: =J111+K111 -> 629.55 | M111: =L111*(1+$M$4) -> 797.51394
A112: 8.3 | B112: ÁGUA FRIA
...

Sheet COMPOSIÇÕES
D3: UNIVERSIDADE ESTADUAL DO NORTE DO PARANÁ
D4: CNPJ: 08.885.100/0001-54
D5: OBRA : AMPLIAÇÃO DAS SALAS DE ATENDIMENTO DA EQUOTERAPIA
D6: Local: Campus Luiz Meneghel - CLM
D7: Data do orçamento: AGOSTO/2025
D8: SINAPI_Custo_Ref_Composicoes_Analitico_PR_202506_Desonerado
D9: RESP. TÉCNICO: HENRIQUE FRANCIZ XIMENES DE ANDRADE BILBAO ENGENHEIRO CIVIL - CREA PR 160.587/D | G9: RESP. TÉCNICO: AMANDA ALVES DA SILVA - ARQUITETA E URBANISTA - CAU A 145.138-3
A11: COMPOSIÇÕES UENP - BASE SINAPI
A14: 01. INSTALAÇÃO DE ENERGIA PROVISÓRIA, REMOÇÃO COM REAPROVEITAMENTO E REINSTALAÇÃO.
A15: DESCRIÇÃO | B15: REMOÇÃO E REINSTALAÇÃO DE QUADRO DE ENERGIA PROVISÓRIO, COM POSTE EM MADEIRA, QUADRO COM TOMADAS, DISJUNTOR E CABOS. SOMENTE MÃO DE OBRA. | H15: UNIDADE | I15: UN
B16: COD | D16: UN | E16: QTD | F16: VALOR MAT+EQ | G16: VALOR M.O | H16: VALOR UN | I16: VT MAT+EQ | J16: VT M.O | K16: VT
A17: COMPOSICAO | B17: 88247 | C17: AUXILIAR DE ELETRICISTA COM ENCARGOS COMPLEMENTARES | D17: H | E17: 0.3897 | F17: =H17-G17 -> 9.3 | G17: =ROUNDUP(VLOOKUP(B17,'VALORES SINAPI'!$A$2:$F$7840,4,0)*H17,2) -> 19.23 | H17: =VLOOKUP(B17,'VALORES SINAPI'!$A$2:$F$7840,6,0) -> 28.53 | I17: =F17*E17 -> 3.62421 | J17: =G17*E17 -> 7.493931 | K17: =I17+J17 -> 11.118141
A18: COMPOSICAO | B18: 88264 | C18: ELETRICISTA COM ENCARGOS COMPLEMENTARES | D18: H | E18: 3.5078 | F18: =H18-G18 -> 9.31 | G18: =ROUNDUP(VLOOKUP(B18,'VALORES SINAPI'!$A$2:$F$7840,4,0)*H18,2) -> 25.1 | H18: =VLOOKUP(B18,'VALORES SINAPI'!$A$2:$F$7840,6,0) -> 34.41 | I18: =F18*E18 -> 32.657618 | J18: =G18*E18 -> 88.04578 | K18: =I18+J18 -> 120.7034
A19: COMPOSICAO | B19: 88316 | C19: SERVENTE COM ENCARGOS COMPLEMENTARES | D19: H | E19: =1.542*2 -> 3.084 | F19: =H19-G19 -> 9.18 | G19: =ROUNDUP(VLOOKUP(B19,'VALORES SINAPI'!$A$2:$F$7840,4,0)*H19,2) -> 17.47 | H19: =VLOOKUP(B19,'VALORES SINAPI'!$A$2:$F$7840,6,0) -> 26.65 | I19: =F19*E19 -> 28.31112 | J19: =G19*E19 -> 53.87748 | K19: =I19+J19 -> 82.1886
A20: COMPOSICAO | B20: 88309 | C20: PEDREIRO COM ENCARGOS COMPLEMENTARES | D20: H | E20: 0.36 | F20: =H20-G20 -> 9.27 | G20: =ROUNDUP(VLOOKUP(B20,'VALORES SINAPI'!$A$2:$F$7840,4,0)*H20,2) -> 24.72 | H20: =VLOOKUP(B20,'VALORES SINAPI'!$A$2:$F$7840,6,0) -> 33.99 | I20: =F20*E20 -> 3.3372 | J20: =G20*E20 -> 8.8992 | K20: =I20+J20 -> 12.2364
I21: =SUM(I17:I20) -> 67.930148 | J21: =SUM(J17:J20) -> 158.31639 | K21: =SUM(K17:K20) -> 226.24654
A23: 02. ENTRADA DE ÁGUA PROVISÓRIA, REMOÇÃO COM REAPROVEITAMENTO E REINSTALAÇÃO.
A24: DESCRIÇÃO | B24: REMOÇÃO E REINTALAÇÃO DE ÁGUA FRIA PARA ABASTECIMENTO PROVISÓRIO, SOMENTE MÃO DE OBRA. | H24: UNIDADE | I24: M
B25: COD | D25: UN | E25: QTD | F25: VALOR MAT+EQ | G25: VALOR M.O | H25: VALOR UN | I25: VT MAT+EQ | J25: VT M.O | K25: VT
A26: COMPOSICAO | B26: 88267 | C26: ENCANADOR OU BOMBEIRO HIDRÁULICO COM ENCARGOS COMPLEMENTARES | D26: H | E26: 0.85 | F26: =H26-G26 -> 8.63 | G26: =ROUNDUP(VLOOKUP(B26,'VALORES SINAPI'!$A$2:$F$7840,4,0)*H26,2) -> 24.63 | H26: =VLOOKUP(B26,'VALORES SINAPI'!$A$2:$F$7840,6,0) -> 33.26 | I26: =F26*E26 -> 7.3355 | J26: =G26*E26 -> 20.9355 | K26: =I26+J26 -> 28.271
A27: COMPOSICAO | B27: 88316 | C27: SERVENTE COM ENCARGOS COMPLEMENTARES | D27: H | E27: 0.65 | F27: =H27-G27 -> 9.18 | G27: =ROUNDUP(VLOOKUP(B27,'VALORES SINAPI'!$A$2:$F$7840,4,0)*H27,2) -> 17.47 | H27: =VLOOKUP(B27,'VALORES SINAPI'!$A$2:$F$7840,6,0) -> 26.65 | I27: =F27*E27 -> 5.967 | J27: =G27*E27 -> 11.3555 | K27: =I27+J27 -> 17.3225
A28: COMPOSICAO | B28: 88309 | C28: PEDREIRO COM ENCARGOS COMPLEMENTARES | D28: H | E28: 0.42 | F28: =H28-G28 -> 9.27 | G28: =ROUNDUP(VLOOKUP(B28,'VALORES SINAPI'!$A$2:$F$7840,4,0)*H28,2) -> 24.72 | H28: =VLOOKUP(B28,'VALORES SINAPI'!$A$2:$F$7840,6,0) -> 33.99 | I28: =F28*E28 -> 3.8934 | J28: =G28*E28 -> 10.3824 | K28: =I28+J28 -> 14.2758
I29: =SUM(I26:I28) -> 17.1959 | J29: =SUM(J26:J28) -> 42.6734 | K29: =SUM(K26:K28) -> 59.8693
A31: 03. PORTA DE ABRIR EM VIDRO TEMPERADO, 2 FOLHAS, 140X210 CM, ESPESSURA DD 10MM, INCLUSIVE ACESSÓRIOS NA COR BRANCA.
A32: DESCRIÇÃO | B32: P01 - VER PROJETO | F32: BASEADO SINAPI 102185 | H32: UNIDADE | I32: UN
B33: COD | D33: UN | E33: QTD | F33: VALOR MAT+EQ | G33: VALOR M.O | H33: VALOR UN | I33: VT MAT+EQ | J33: VT M.O | K33: VT
A34: INSUMO | B34: 3104 | C34: CONJ. DE FERRAGENS PARA PORTA DE VIDRO TEMPERADO, EM ZAMAC CROMADO, CONTEMPLANDO DOBRADICA INF., DOBRADICA SUP., PIVO PARA DOBRADICA INF., PIVO PARA DOBRADICA SUP., FECHADURA CENTRAL EM ZAMC. CROMADO, CONTRA FECHADURA DE PRESSAO | D34: CJ | E34: 1 | F34: 147.51 | G34: 0 | H34: =G34+F34 -> 147.51 | I34: =F34*E34 -> 147.51 | J34: =G34*E34 -> 0 | K34: =I34+J34 -> 147.51
A35: INSUMO | B35: 38168 | C35: [ADAP. NA COR BRANCA] PUXADOR TUBULAR RETO DUPLO, EM ALUMINIO CROMADO, COMPRIMENTO DE APROX 400 MM E DIAMETRO DE 25 MM (1") | D35: UN | E35: 2 | F35: 138.43 | G35: 0 | H35: =G35+F35 -> 138.43 | I35: =F35*E35 -> 276.86 | J35: =G35*E35 -> 0 | K35: =I35+J35 -> 276.86
A36: INSUMO | B36: 5031 | C36: VIDRO TEMPERADO INCOLOR PARA PORTA DE ABRIR, E = 10 MM (SEM FERRAGENS E SEM COLOCACAO) | D36: M² | E36: =1.4*2.1 -> 2.94 | F36: 440 | G36: 0 | H36: =G36+F36 -> 440 | I36: =F36*E36 -> 1293.6 | J36: =G36*E36 -> 0 | K36: =I36+J36 -> 1293.6
A37: COMPOSICAO | B37: 88316 | C37: SERVENTE COM ENCARGOS COMPLEMENTARES | D37: H | E37: 6.57 | F37: =H37-G37 -> 9.18 | G37: =ROUNDUP(VLOOKUP(B37,'VALORES SINAPI'!$A$2:$F$7840,4,0)*H37,2) -> 17.47 | H37: =VLOOKUP(B37,'VALORES SINAPI'!$A$2:$F$7840,6,0) -> 26.65 | I37: =F37*E37 -> 60.3126 | J37: =G37*E37 -> 114.7779 | K37: =I37+J37 -> 175.0905
A38: COMPOSICAO | B38: 88325 | C38: VIDRACEIRO COM ENCARGOS COMPLEMENTARES | D38: H | E38: 6.76 | F38: =H38-G38 -> 9.27 | G38: =ROUNDUP(VLOOKUP(B38,'VALORES SINAPI'!$A$2:$F$7840,4,0)*H38,2) -> 24.93 | H38: =VLOOKUP(B38,'VALORES SINAPI'!$A$2:$F$7840,6,0) -> 34.2 | I38: =F38*E38 -> 62.6652 | J38: =G38*E38 -> 168.5268 | K38: =I38+J38 -> 231.192
I39: =SUM(I34:I38) -> 1840.9478 | J39: =SUM(J34:J38) -> 283.3047 | K39: =SUM(K34:K38) -> 2124.2525
A41: 04. PORTA DE ABRIR EM VIDRO TEMPERADO, 1 FOLHA, 90X210 CM, ESPESSURA DD 10MM, INCLUSIVE ACESSÓRIOS NA COR BRANCA.
A42: DESCRIÇÃO | B42: P03 - VER PROJETO | F42: BASEADO SINAPI 102182 | H42: UNIDADE | I42: UN
B43: COD | D43: UN | E43: QTD | F43: VALOR MAT+EQ | G43: VALOR M.O | H43: VALOR UN | I43: VT MAT+EQ | J43: VT M.O | K43: VT
A44: INSUMO | B44: 3104 | C44: CONJ. DE FERRAGENS PARA PORTA DE VIDRO TEMPERADO, EM ZAMAC CROMADO, CONTEMPLANDO DOBRADICA INF., DOBRADICA SUP., PIVO PARA DOBRADICA INF., PIVO PARA DOBRADICA SUP., FECHADURA CENTRAL EM ZAMC. CROMADO, CONTRA FECHADURA DE PRESSAO | D44: CJ | E44: 1 | F44: 147.51 | G44: 0 | H44: =G44+F44 -> 147.51 | I44: =F44*E44 -> 147.51 | J44: =G44*E44 -> 0 | K44: =I44+J44 -> 147.51
A45: INSUMO | B45: 38168 | C45: [ADAP. NA COR BRANCA] PUXADOR TUBULAR RETO DUPLO, EM ALUMINIO CROMADO, COMPRIMENTO DE APROX 400 MM E DIAMETRO DE 25 MM (1") | D45: UN | E45: 1 | F45: 138.43 | G45: 0 | H45: =G45+F45 -> 138.43 | I45: =F45*E45 -> 138.43 | J45: =G45*E45 -> 0 | K45: =I45+J45 -> 138.43
A46: INSUMO | B46: 5031 | C46: VIDRO TEMPERADO INCOLOR PARA PORTA DE ABRIR, E = 10 MM (SEM FERRAGENS E SEM COLOCACAO) | D46: M² | E46: 1.89 | F46: 440 | G46: 0 | H46: =G46+F46 -> 440 | I46: =F46*E46 -> 831.6 | J46: =G46*E46 -> 0 | K46: =I46+J46 -> 831.6
A47: COMPOSICAO | B47: 88316 | C47: SERVENTE COM ENCARGOS COMPLEMENTARES | D47: H | E47: 1.86 | F47: =H47-G47 -> 9.18 | G47: =ROUNDUP(VLOOKUP(B47,'VALORES SINAPI'!$A$2:$F$7840,4,0)*H47,2) -> 17.47 | H47: =VLOOKUP(B47,'VALORES SINAPI'!$A$2:$F$7840,6,0) -> 26.65 | I47: =F47*E47 -> 17.0748 | J47: =G47*E47 -> 32.4942 | K47: =I47+J47 -> 49.569
A48: COMPOSICAO | B48: 88325 | C48: VIDRACEIRO COM ENCARGOS COMPLEMENTARES | D48: H | E48: 1.92 | F48: =H48-G48 -> 9.27 | G48: =ROUNDUP(VLOOKUP(B48,'VALORES SINAPI'!$A$2:$F$7840,4,0)*H48,2) -> 24.93 | H48: =VLOOKUP(B48,'VALORES SINAPI'!$A$2:$F$7840,6,0) -> 34.2 | I48: =F48*E48 -> 17.7984 | J48: =G48*E48 -> 47.8656 | K48: =I48+J48 -> 65.664
I49: =SUM(I44:I48) -> 1152.4132 | J49: =SUM(J44:J48) -> 80.3598 | K49: =SUM(K44:K48) -> 1232.773
A51: 05. KIT DE PORTA-PRONTA DE MADEIRA EM ACABAMENTO MELAMÍNICO BRANCO, FOLHA LEVE OU MÉDIA, E BATENTE METÁLICO, 90X210CM, COM REVESTIMENTO RESISTENTE A IMPACTOS (90X40CM) E BARRA PNE, FIXAÇÃO COM ARGAMASSA - FORNECIMENTO E INSTALAÇÃO. AF_12/2019
A52: DESC. | B52: P04 - VER PROJETO | H52: UNIDADE | I52: UN
B53: COD | D53: UN | E53: QTD | F53: VALOR MAT+EQ | G53: VALOR M.O | H53: VALOR UN | I53: VT MAT+EQ | J53: VT M.O | K53: VT
A54: INSUMO | B54: 39485 | C54: KIT PORTA PRONTA DE MADEIRA, FOLHA LEVE (NBR 15930) DE 900 X 2100 MM, DE 35 MM A 40 MM DE ESPESSURA, COM MARCO EM ACO, NUCLEO COLMEIA, CAPA LISA EM HDF, ACABAMENTO MELAMINICO BRANCO (INCLUI MARCO, ALIZARES, DOBRADICAS E FECHADURA) | D54: UN | E54: 1 | F54: 632.13 | G54: 0 | H54: =G54+F54 -> 632.13 | I54: =F54*E54 -> 632.13 | J54: =G54*E54 -> 0 | K54: =I54+J54 -> 632.13
A55: COMPOSICAO | B55: 88261 | C55: CARPINTEIRO DE ESQUADRIA COM ENCARGOS COMPLEMENTARES | D55: H | E55: 0.33 | F55: =H55-G55 -> 9.05 | G55: =ROUNDUP(VLOOKUP(B55,'VALORES SINAPI'!$A$2:$F$7840,4,0)*H55,2) -> 23.12 | H55: =VLOOKUP(B55,'VALORES SINAPI'!$A$2:$F$7840,6,0) -> 32.17 | I55: =F55*E55 -> 2.9865 | J55: =G55*E55 -> 7.6296 | K55: =I55+J55 -> 10.6161
A56: COMPOSICAO | B56: 88309 | C56: PEDREIRO COM ENCARGOS COMPLEMENTARES | D56: H | E56: 2.02 | F56: =H56-G56 -> 9.27 | G56: =ROUNDUP(VLOOKUP(B56,'VALORES SINAPI'!$A$2:$F$7840,4,0)*H56,2) -> 24.72 | H56: =VLOOKUP(B56,'VALORES SINAPI'!$A$2:$F$7840,6,0) -> 33.99 | I56: =F56*E56 -> 18.7254 | J56: =G56*E56 -> 49.9344 | K56: =I56+J56 -> 68.6598
A57: COMPOSICAO | B57: 88316 | C57: SERVENTE COM ENCARGOS COMPLEMENTARES | D57: H | E57: 1.5 | F57: =H57-G57 -> 9.18 | G57: =ROUNDUP(VLOOKUP(B57,'VALORES SINAPI'!$A$2:$F$7840,4,0)*H57,2) -> 17.47 | H57: =VLOOKUP(B57,'VALORES SINAPI'!$A$2:$F$7840,6,0) -> 26.65 | I57: =F57*E57 -> 13.77 | J57: =G57*E57 -> 26.205 | K57: =I57+J57 -> 39.975
A58: COMPOSICAO | B58: 88629 | C58: ARGAMASSA TRAÇO 1:3 (EM VOLUME DE CIMENTO E AREIA MÉDIA ÚMIDA), PREPARO MANUAL. AF_08/2019 | D58: M3 | E58: 0.02 | F58: =H58-G58 -> 544.27 | G58: =ROUNDUP(VLOOKUP(B58,'VALORES SINAPI'!$A$2:$F$7840,4,0)*H58,2) -> 149.6 | H58: =VLOOKUP(B58,'VALORES SINAPI'!$A$2:$F$7840,6,0) -> 693.87 | I58: =F58*E58 -> 10.8854 | J58: =G58*E58 -> 2.992 | K58: =I58+J58 -> 13.8774
A59: COMPOSICAO | B59: 100870 | C59: (ADAPTADO PARA BARRA DE 40CM) BARRA DE APOIO RETA, EM ALUMINIO, COMPRIMENTO 60 CM, FIXADA NA PAREDE - FORNECIMENTO E INSTALAÇÃO. AF_01/2020 | D59: UN | E59: 1 | F59: =H59-G59 -> 237.29 | G59: =ROUNDUP(VLOOKUP(B59,'VALORES SINAPI'!$A$2:$F$7840,4,0)*H59,2) -> 28.59 | H59: =VLOOKUP(B59,'VALORES SINAPI'!$A$2:$F$7840,6,0) -> 265.88 | I59: =F59*E59 -> 237.29 | J59: =G59*E59 -> 28.59 | K59: =I59+J59 -> 265.88
A60: INSUMO | B60: 12759 | C60: CHAPA ACO INOX AISI 304 NUMERO 9 (E = 4 MM), ACABAMENTO NUMERO 1 (LAMINADO A QUENTE, FOSCO) | D60: M2 | E60: 0.36 | F60: 1038.93 | G60: 0 | H60: =G60+F60 -> 1038.93 | I60: =F60*E60 -> 374.0148 | J60: =G60*E60 -> 0 | K60: =I60+J60 -> 374.0148
A61: INSUMO | B61: 1339 | C61: COLA A BASE DE RESINA SINTETICA PARA CHAPA DE LAMINADO MELAMINICO | D61: KG | E61: 0.01 | F61: 76.13 | G61: 0 | H61: =G61+F61 -> 76.13 | I61: =F61*E61 -> 0.7613 | J61: =G61*E61 -> 0 | K61: =I61+J61 -> 0.7613
I62: =SUM(I54:I61) -> 1290.5634 | J62: =SUM(J54:J61) -> 115.351 | K62: =SUM(K54:K61) -> 1405.9144
A64: 06. JANELA DE CORRER EM VIDRO TEMPERADO, 4 FOLHAS, 140X100 CM, INCLUSIVE ACESSÓRIOS NA COR BRANCA.
A65: DESC. | B65: J03 - VER PROJETO | F65: BASEADO SINAPI 94573 | H65: UNIDADE | I65: UN
B66: COD | D66: UN | E66: QTD | F66: VALOR MAT+EQ | G66: VALOR M.O | H66: VALOR UN | I66: VT MAT+EQ | J66: VT M.O | K66: VT
A67: INSUMO | B67: 02276/ORSE | C67: Perfil Alumínio, U, usado como trilho inferior em porta de correr | D67: M | E67: 2.8 | F67: 13.95 | G67: 0 | H67: =G67+F67 -> 13.95 | I67: =F67*E67 -> 39.06 | J67: =G67*E67 -> 0 | K67: =I67+J67 -> 39.06
A68: INSUMO | B68: 43612 | C68: FECHADURA BICO DE PAPAGAIO PARA PORTA DE CORRER EXTERNA, EM ACO INOX COM ACABAMENTO CROMADO, MAQUINA COM 45 MM, INCLUINDO CHAVE TIPO CILINDRO | D68: UN | E68: 1 | F68: 93.17 | G68: 0 | H68: =G68+F68 -> 93.17 | I68: =F68*E68 -> 93.17 | J68: =G68*E68 -> 0 | K68: =I68+J68 -> 93.17
A69: INSUMO | B69: 01993/ORSE | C69: Roldana para porta correr (superior) | D69: UN | E69: 2 | F69: 26.99 | G69: 0 | H69: =G69+F69 -> 26.99 | I69: =F69*E69 -> 53.98 | J69: =G69*E69 -> 0 | K69: =I69+J69 -> 53.98
A70: INSUMO | B70: 10506 | C70: VIDRO TEMPERADO INCOLOR E = 8 MM, SEM COLOCACAO | D70: M² | E70: 1.4 | F70: 313.35 | G70: 0 | H70: =G70+F70 -> 313.35 | I70: =F70*E70 -> 438.69 | J70: =G70*E70 -> 0 | K70: =I70+J70 -> 438.69
A71: INSUMO | B71: 39961 | C71: SILICONE ACETICO USO GERAL INCOLOR 280 G | D71: UN | E71: 0.6 | F71: 23.92 | G71: 0 | H71: =G71+F71 -> 23.92 | I71: =F71*E71 -> 14.352 | J71: =G71*E71 -> 0 | K71: =I71+J71 -> 14.352
A72: COMPOSICAO | B72: 88316 | C72: SERVENTE COM ENCARGOS COMPLEMENTARES | D72: H | E72: 1.96 | F72: =H72-G72 -> 9.18 | G72: =ROUNDUP(VLOOKUP(B72,'VALORES SINAPI'!$A$2:$F$7840,4,0)*H72,2) -> 17.47 | H72: =VLOOKUP(B72,'VALORES SINAPI'!$A$2:$F$7840,6,0) -> 26.65 | I72: =F72*E72 -> 17.9928 | J72: =G72*E72 -> 34.2412 | K72: =I72+J72 -> 52.234
A73: COMPOSICAO | B73: 88325 | C73: VIDRACEIRO COM ENCARGOS COMPLEMENTARES | D73: H | E73: 1.48 | F73: =H73-G73 -> 9.27 | G73: =ROUNDUP(VLOOKUP(B73,'VALORES SINAPI'!$A$2:$F$7840,4,0)*H73,2) -> 24.93 | H73: =VLOOKUP(B73,'VALORES SINAPI'!$A$2:$F$7840,6,0) -> 34.2 | I73: =F73*E73 -> 13.7196 | J73: =G73*E73 -> 36.8964 | K73: =I73+J73 -> 50.616
I74: =SUM(I67:I73) -> 670.9644 | J74: =SUM(J67:J73) -> 71.1376 | K74: =SUM(K67:K73) -> 742.102
A76: 07. INSTALAÇÃO DE JANELA DE CORRER EM VIDRO TEMPERADO, 4 FOLHAS, 150X120 CM, APENAS INSTALAÇÃO.
A77: DESC. | B77: J01 - VER PROJETO | H77: UNIDADE | I77: UN
B78: COD | D78: UN | E78: QTD | F78: VALOR MAT+EQ | G78: VALOR M.O | H78: VALOR UN | I78: VT MAT+EQ | J78: VT M.O | K78: VT
A79: INSUMO | B79: 39961 | C79: SILICONE ACETICO USO GERAL INCOLOR 280 G | D79: UN | E79: 0.56 | F79: 23.92 | G79: 0 | H79: =G79+F79 -> 23.92 | I79: =F79*E79 -> 13.3952 | J79: =G79*E79 -> 0 | K79: =I79+J79 -> 13.3952
A80: COMPOSICAO | B80: 88316 | C80: SERVENTE COM ENCARGOS COMPLEMENTARES | D80: H | E80: 1.6 | F80: =H80-G80 -> 9.18 | G80: =ROUNDUP(VLOOKUP(B80,'VALORES SINAPI'!$A$2:$F$7840,4,0)*H80,2) -> 17.47 | H80: =VLOOKUP(B80,'VALORES SINAPI'!$A$2:$F$7840,6,0) -> 26.65 | I80: =F80*E80 -> 14.688 | J80: =G80*E80 -> 27.952 | K80: =I80+J80 -> 42.64
A81: COMPOSICAO | B81: 88325 | C81: VIDRACEIRO COM ENCARGOS COMPLEMENTARES | D81: H | E81: 1.8 | F81: =H81-G81 -> 9.27 | G81: =ROUNDUP(VLOOKUP(B81,'VALORES SINAPI'!$A$2:$F$7840,4,0)*H81,2) -> 24.93 | H81: =VLOOKUP(B81,'VALORES SINAPI'!$A$2:$F$7840,6,0) -> 34.2 | I81: =F81*E81 -> 16.686 | J81: =G81*E81 -> 44.874 | K81: =I81+J81 -> 61.56
I82: =SUM(I79:I81) -> 44.7692 | J82: =SUM(J79:J81) -> 72.826 | K82: =SUM(K79:K81) -> 117.5952
A84: 08. JANELA TIPO MAXIM - AR EM VIDRO TEMPERADO, 60X60, INCLUSIVE ACESSÓRIOS NA COR BRANCA.
A85: DESC. | B85: J02 - VER PROJETO | H85: UNIDADE | I85: UN
B86: COD | D86: UN | E86: QTD | F86: VALOR MAT+EQ | G86: VALOR M.O | H86: VALOR UN | I86: VT MAT+EQ | J86: VT M.O | K86: VT
A87: INSUMO | B87: 02276/ORSE | C87: Perfil Alumínio, U, usado como trilho inferior em porta de correr | D87: M | E87: 1.2 | F87: 13.95 | G87: 0 | H87: =G87+F87 -> 13.95 | I87: =F87*E87 -> 16.74 | J87: =G87*E87 -> 0 | K87: =I87+J87 -> 16.74
A88: INSUMO | B88: 38177 | C88: FECHO / TRINCO TIPO AVIAO, EM ZAMAC CROMADO, *60* MM, PARA JANELAS - INCLUI PARAFUSOS | D88: UN | E88: 1 | F88: 20.03 | G88: 0 | H88: =G88+F88 -> 20.03 | I88: =F88*E88 -> 20.03 | J88: =G88*E88 -> 0 | K88: =I88+J88 -> 20.03
A89: INSUMO | B89: 10506 | C89: VIDRO TEMPERADO INCOLOR E = 8 MM, SEM COLOCACAO | D89: M² | E89: 0.4 | F89: 313.35 | G89: 0 | H89: =G89+F89 -> 313.35 | I89: =F89*E89 -> 125.34 | J89: =G89*E89 -> 0 | K89: =I89+J89 -> 125.34
A90: INSUMO | B90: 39961 | C90: SILICONE ACETICO USO GERAL INCOLOR 280 G | D90: UN | E90: 0.35 | F90: 23.92 | G90: 0 | H90: =G90+F90 -> 23.92 | I90: =F90*E90 -> 8.372 | J90: =G90*E90 -> 0 | K90: =I90+J90 -> 8.372
A91: COMPOSICAO | B91: 88316 | C91: SERVENTE COM ENCARGOS COMPLEMENTARES | D91: H | E91: 0.96 | F91: =H91-G91 -> 9.18 | G91: =ROUNDUP(VLOOKUP(B91,'VALORES SINAPI'!$A$2:$F$7840,4,0)*H91,2) -> 17.47 | H91: =VLOOKUP(B91,'VALORES SINAPI'!$A$2:$F$7840,6,0) -> 26.65 | I91: =F91*E91 -> 8.8128 | J91: =G91*E91 -> 16.7712 | K91: =I91+J91 -> 25.584
A92: COMPOSICAO | B92: 88325 | C92: VIDRACEIRO COM ENCARGOS COMPLEMENTARES | D92: H | E92: 0.48 | F92: =H92-G92 -> 9.27 | G92: =ROUNDUP(VLOOKUP(B92,'VALORES SINAPI'!$A$2:$F$7840,4,0)*H92,2) -> 24.93 | H92: =VLOOKUP(B92,'VALORES SINAPI'!$A$2:$F$7840,6,0) -> 34.2 | I92: =F92*E92 -> 4.4496 | J92: =G92*E92 -> 11.9664 | K92: =I92+J92 -> 16.416
I93: =SUM(I87:I92) -> 183.7444 | J93: =SUM(J87:J92) -> 28.7376 | K93: =SUM(K87:K92) -> 212.482
A95: 09. PAPELEIRA PLASTICA TIPO DISPENSER PARA PAPEL HIGIENICO ROLAO
A96: DESC. | B96: PAPELEIRA PLASTICA | H96: UNIDADE | I96: UN
A97: INSUMO | B97: 37400 | C97: PAPELEIRA PLASTICA TIPO DISPENSER PARA PAPEL HIGIENICO ROLAO | D97: UN | E97: 1 | F97: 36.96 | G97: 0 | H97: =G97+F97 -> 36.96 | I97: =F97*E97 -> 36.96 | J97: =G97*E97 -> 0 | K97: =I97+J97 -> 36.96
A98: COMPOSICAO | B98: 88267 | C98: ENCANADOR OU BOMBEIRO HIDRÁULICO COM ENCARGOS COMPLEMENTARES | D98: H | E98: 0.3162 | F98: =H98-G98 -> 8.63 | G98: =ROUNDUP(VLOOKUP(B98,'VALORES SINAPI'!$A$2:$F$7840,4,0)*H98,2) -> 24.63 | H98: =VLOOKUP(B98,'VALORES SINAPI'!$A$2:$F$7840,6,0) -> 33.26 | I98: =F98*E98 -> 2.728806 | J98: =G98*E98 -> 7.788006 | K98: =I98+J98 -> 10.516812
A99: COMPOSICAO | B99: 88316 | C99: SERVENTE COM ENCARGOS COMPLEMENTARES | D99: H | E99: 0.0996 | F99: =H99-G99 -> 9.18 | G99: =ROUNDUP(VLOOKUP(B99,'VALORES SINAPI'!$A$2:$F$7840,4,0)*H99,2) -> 17.47 | H99: =VLOOKUP(B99,'VALORES SINAPI'!$A$2:$F$7840,6,0) -> 26.65 | I99: =F99*E99 -> 0.914328 | J99: =G99*E99 -> 1.740012 | K99: =I99+J99 -> 2.65434
I100: =ROUND(SUM(I97:I99),2) -> 40.6 | J100: =ROUND(SUM(J97:J99),2) -> 9.53 | K100: =ROUND(SUM(K97:K99),2) -> 50.13
A102: 10. TOALHEIRO PLASTICO TIPO DISPENSER PARA PAPEL TOALHA INTERFOLHADO
A103: DESC. | B103: TOALHEIRO PLÁSTICO | H103: UNIDADE | I103: UN
A104: INSUMO | B104: 37401 | C104: TOALHEIRO PLASTICO TIPO DISPENSER PARA PAPEL TOALHA INTERFOLHADO | D104: UN | E104: 1 | F104: 36.96 | G104: 0 | H104: =G104+F104 -> 36.96 | I104: =F104*E104 -> 36.96 | J104: =G104*E104 -> 0 | K104: =I104+J104 -> 36.96
A105: COMPOSICAO | B105: 88267 | C105: ENCANADOR OU BOMBEIRO HIDRÁULICO COM ENCARGOS COMPLEMENTARES | D105: H | E105: 0.3162 | F105: =H105-G105 -> 8.63 | G105: =ROUNDUP(VLOOKUP(B105,'VALORES SINAPI'!$A$2:$F$7840,4,0)*H105,2) -> 24.63 | H105: =VLOOKUP(B105,'VALORES SINAPI'!$A$2:$F$7840,6,0) -> 33.26 | I105: =F105*E105 -> 2.728806 | J105: =G105*E105 -> 7.788006 | K105: =I105+J105 -> 10.516812
A106: COMPOSICAO | B106: 88316 | C106: SERVENTE COM ENCARGOS COMPLEMENTARES | D106: H | E106: 0.0996 | F106: =H106-G106 -> 9.18 | G106: =ROUNDUP(VLOOKUP(B106,'VALORES SINAPI'!$A$2:$F$7840,4,0)*H106,2) -> 17.47 | H106: =VLOOKUP(B106,'VALORES SINAPI'!$A$2:$F$7840,6,0) -> 26.65 | I106: =F106*E106 -> 0.914328 | J106: =G106*E106 -> 1.740012 | K106: =I106+J106 -> 2.65434
I107: =ROUND(SUM(I104:I106),2) -> 40.6 | J107: =ROUND(SUM(J104:J106),2) -> 9.53 | K107: =ROUND(SUM(K104:K106),2) -> 50.13
A109: 11. PISO TATIL ALERTA OU DIRECIONAL, DE BORRACHA, COLORIDO, 25 X 25 CM, E = 5 MM, COLADO
A110: DESC. | B110: VER ESPECIFICAÇÕES NO PROJETO | H110: UNIDADE | I110: M
B111: COD | D111: UN | E111: QTD | F111: VALOR MAT+EQ | G111: VALOR M.O | H111: VALOR UN | I111: VT MAT+EQ | J111: VT M.O | K111: VT
A112: INSUMO | B112: 38181 | C112: PISO TATIL ALERTA OU DIRECIONAL, DE BORRACHA, COLORIDO, 25 X 25 CM, E = 5 MM, PARA COLA | D112: M | E112: 0.25 | F112: 238.44 | G112: 0 | H112: =G112+F112 -> 238.44 | I112: =F112*E112 -> 59.61 | J112: =G112*E112 -> 0 | K112: =H112*E112 -> 59.61
A113: COMPOSIÇÃO | B113: 88309 | C113: PEDREIRO COM ENCARGOS COMPLEMENTARES | D113: H | E113: =0.171*0.25 -> 0.04275 | F113: =H113-G113 -> 9.27 | G113: =ROUNDUP(VLOOKUP(B113,'VALORES SINAPI'!$A$2:$F$7840,4,0)*H113,2) -> 24.72 | H113: =VLOOKUP(B113,'VALORES SINAPI'!$A$2:$F$7840,6,0) -> 33.99 | I113: =F113*E113 -> 0.3962925 | J113: =G113*E113 -> 1.05678 | K113: =H113*E113 -> 1.4530725
A114: COMPOSIÇÃO | B114: 88316 | C114: SERVENTE COM ENCARGOS COMPLEMENTARES | D114: H | E114: =0.085*0.25 -> 0.02125 | F114: =H114-G114 -> 9.18 | G114: =ROUNDUP(VLOOKUP(B114,'VALORES SINAPI'!$A$2:$F$7840,4,0)*H114,2) -> 17.47 | H114: =VLOOKUP(B114,'VALORES SINAPI'!$A$2:$F$7840,6,0) -> 26.65 | I114: =F114*E114 -> 0.195075 | J114: =G114*E114 -> 0.3712375 | K114: =H114*E114 -> 0.5663125
A115: INSUMO | B115: 4791 | C115: ADESIVO ACRILICO DE BASE AQUOSA / COLA DE CONTATO | D115: KG | E115: =0.095*0.25 -> 0.02375 | F115: 37.13 | G115: 0 | H115: =G115+F115 -> 37.13 | I115: =F115*E115 -> 0.8818375 | J115: =G115*E115 -> 0 | K115: =H115*E115 -> 0.8818375
...

Sheet COTAÇÃO
C3: UNIVERSIDADE ESTADUAL DO NORTE DO PARANÁ
C4: CNPJ: 08.885.100/0001-54
C5: OBRA : AMPLIAÇÃO DAS SALAS DE ATENDIMENTO DA EQUOTERAPIA
C6: Local: Campus Luiz Meneghel - CLM
C7: Data do orçamento: SETEMBRO/2024
C8: SINAPI_Custo_Ref_Composicoes_Analitico_PR_202407_Desonerado
C9: RESP. TÉCNICO: HENRIQUE FRANCIZ XIMENES DE ANDRADE BILBAO ENGENHEIRO CIVIL - CREA PR 160.587/D | F9: RESP. TÉCNICO: AMANDA ALVES DA SILVA - ARQUITETA E URBANISTA - CAU A 145.138-3
A11: COTAÇÕES
A13: COTAÇÃO.01 | B13: ACABAMENTO FRONTAL EM AÇO PARA TELHA TRAPEZOIDAL 30MM
A14: DESCRIÇÃO
B15: NOME PRODUTO | D15: CNPJ | E15: CONTATO | F15: VALOR UNITÁRIO | G15: VALOR MÉDIO
A16: EMPRESA 01 | B16: Acabamento Frontal em Aço para Isotelha Trapezoidal Telha Térmica Sanduíche 30mm - Pç. 1MT | D16: 00.289.348/0001-40 | E16: Lojas Kingspan | F16: 9.56 | G16: =AVERAGE(F16:F17) -> 4.78
A17: EMPRESA 02 | F17: 0

Sheet CRONOGRAMA
D3: UNIVERSIDADE ESTADUAL DO NORTE DO PARANÁ
D4: CNPJ: 08.885.100/0001-54
D5: OBRA : AMPLIAÇÃO DAS SALAS DE ATENDIMENTO DA EQUOTERAPIA
D6: Local: Campus Luiz Meneghel - CLM
D7: Data do orçamento: AGOSTO/2025
D8: SINAPI_Custo_Ref_Composicoes_Analitico_PR_202506_Desonerado
D9: RESP. TÉCNICO: HENRIQUE FRANCIZ XIMENES DE ANDRADE BILBAO ENGENHEIRO CIVIL - CREA PR 160.587/D | G9: RESP. TÉCNICO: AMANDA ALVES DA SILVA - ARQUITETA E URBANISTA - CAU A 145.138-3
E10: 1 | F10: 30 | G10: 2 | H10: =F10+30 -> 60 | I10: 3 | J10: =H10+30 -> 90 | K10: 3 | L10: =J10+30 -> 120 | M10: 4 | N10: =L10+30 -> 150 | O10: 4 | P10: =N10+30 -> 180 | Q10: 5 | R10: =P10+30 -> 210 | S10: 5 | T10: =R10+30 -> 240 | V10: 6 | W10: =T10+30 -> 270 | X10: 6 | Y10: =W10+30 -> 300 | Z10: 7 | AA10: =Y10+30 -> 330 | AB10: 7 | AC10: =AA10+30 -> 360 | AD10: 8 | AE10: =AC10+30 -> 390 | AF10: 8 | AG10: =AE10+30 -> 420 | AH10: 9 | AI10: =AG10+30 -> 450 | AJ10: 9 | AK10: =AI10+30 -> 480 | AL10: 10 | AM10: =AK10+30 -> 510 | AN10: 10 | AO10: =AM10+30 -> 540 | AP10: 11 | AQ10: =AO10+30 -> 570 | AR10: 11 | AS10: =AQ10+30 -> 600
A12: CRONOGRAMA FÍSICO- FINANCEIRO
B13: SERVIÇO/LOCAL | C13: Valores | D13: % | E13: 30 DIAS | G13: 60 DIAS | I13: 90 DIAS | K13: 120 DIAS | M13: 150 DIAS | O13: 180 DIAS | Q13: 210 DIAS | S13: 240 DIAS | V13: 270 DIAS | X13: 300 DIAS | Z13: 330 DIAS | AB13: 360 DIAS | AD13: 390 DIAS | AF13: 420 DIAS | AH13: 450 DIAS | AJ13: 480 DIAS | AL13: 510 DIAS | AN13: 540 DIAS | AP13: 570 DIAS | AR13: 600 DIAS
E14: % | F14: R$ | G14: % | H14: R$ | I14: % | J14: R$ | K14: % | L14: R$ | M14: % | N14: R$ | O14: % | P14: R$ | Q14: % | R14: R$ | S14: % | T14: R$ | V14: % | W14: R$ | X14: % | Y14: R$ | Z14: % | AA14: R$ | AB14: % | AC14: R$ | AD14: % | AE14: R$ | AF14: % | AG14: R$ | AH14: % | AI14: R$ | AJ14: % | AK14: R$ | AL14: % | AM14: R$ | AN14: % | AO14: R$ | AP14: % | AQ14: R$ | AR14: % | AS14: R$
A15: 1 | B15: =VLOOKUP(A15,ORÇAMENTO!$A$2:$M$312,2,FALSE()) -> ADMINISTRAÇÃO DA OBRA | C15: =VLOOKUP(A15,ORÇAMENTO!$A$2:$M$312,13,FALSE()) -> 6955.036 | D15: =C15/$C$37 -> 0.02195582 | E15: 0.15 | F15: =IF(E15>0,E15*$C15," ") -> 1043.2554 | G15: 0.14 | H15: =IF(G15>0,G15*$C15," ") -> 973.70504 | I15: 0.14 | J15: =IF(I15>0,I15*$C15," ") -> 973.70504 | K15: 0.14 | L15: =IF(K15>0,K15*$C15," ") -> 973.70504 | M15: 0.14 | N15: =IF(M15>0,M15*$C15," ") -> 973.70504 | O15: 0.14 | P15: =IF(O15>0,O15*$C15," ") -> 973.70504 | Q15: 0.15 | R15: =IF(Q15>0,Q15*$C15," ") -> 1043.2554 | S15: 0.05 | T15: =IF(S15>0,S15*$C15," ") -> 347.7518 | V15: 0.05 | W15: =IF(V15>0,V15*$C15," ") -> 347.7518 | X15: 0.05 | Y15: =IF(X15>0,X15*$C15," ") -> 347.7518 | Z15: 0.05 | AA15: =IF(Z15>0,Z15*$C15," ") -> 347.7518 | AB15: 0.05 | AC15: =IF(AB15>0,AB15*$C15," ") -> 347.7518 | AD15: 0.05 | AE15: =IF(AD15>0,AD15*$C15," ") -> 347.7518 | AF15: 0.05 | AG15: =IF(AF15>0,AF15*$C15," ") -> 347.7518 | AH15: 0.05 | AI15: =IF(AH15>0,AH15*$C15," ") -> 347.7518 | AJ15: 0.05 | AK15: =IF(AJ15>0,AJ15*$C15," ") -> 347.7518 | AL15: 0.05 | AM15: =IF(AL15>0,AL15*$C15," ") -> 347.7518 | AN15: 0.05 | AO15: =IF(AN15>0,AN15*$C15," ") -> 347.7518 | AP15: 0.05 | AQ15: =IF(AP15>0,AP15*$C15," ") -> 347.7518 | AR15: 0.05 | AS15: =IF(AR15>0,AR15*$C15," ") -> 347.7518 | AT15: =Q15+O15+M15+K15+I15+G15+E15 -> 1
A16: 2 | B16: =VLOOKUP(A16,ORÇAMENTO!$A$2:$M$312,2,FALSE()) -> CANTEIRO DE OBRAS | C16: =VLOOKUP(A16,ORÇAMENTO!$A$2:$M$312,13,FALSE()) -> 9910.7883 | D16: =C16/$C$37 -> 0.031286608 | E16: 0.55 | F16: =IF(E16>0,E16*$C16," ") -> 5450.9336 | G16: 0.45 | H16: =IF(G16>0,G16*$C16," ") -> 4459.8547 | I16: 0 | J16: =IF(I16>0,I16*$C16," ") | K16: 0 | L16: =IF(K16>0,K16*$C16," ") | M16: 0 | N16: =IF(M16>0,M16*$C16," ") | O16: 0 | P16: =IF(O16>0,O16*$C16," ") | Q16: 0 | R16: =IF(Q16>0,Q16*$C16," ") | T16: =IF(S16>0,S16*$C16," ") | W16: =IF(V16>0,V16*$C16," ") | Y16: =IF(X16>0,X16*$C16," ") | AA16: =IF(Z16>0,Z16*$C16," ") | AC16: =IF(AB16>0,AB16*$C16," ") | AE16: =IF(AD16>0,AD16*$C16," ") | AG16: =IF(AF16>0,AF16*$C16," ") | AI16: =IF(AH16>0,AH16*$C16," ") | AK16: =IF(AJ16>0,AJ16*$C16," ") | AM16: =IF(AL16>0,AL16*$C16," ") | AO16: =IF(AN16>0,AN16*$C16," ") | AQ16: =IF(AP16>0,AP16*$C16," ") | AS16: =IF(AR16>0,AR16*$C16," ") | AT16: =Q16+O16+M16+K16+I16+G16+E16 -> 1
A17: 3 | B17: =VLOOKUP(A17,ORÇAMENTO!$A$2:$M$312,2,FALSE()) -> TERRAPLANAGEM E SERVIÇOS PRELIMINARES | C17: =VLOOKUP(A17,ORÇAMENTO!$A$2:$M$312,13,FALSE()) -> 7492.5671 | D17: =C17/$C$37 -> 0.023652711 | E17: 0.65 | F17: =IF(E17>0,E17*$C17," ") -> 4870.1686 | G17: 0.35 | H17: =IF(G17>0,G17*$C17," ") -> 2622.3985 | I17: 0 | J17: =IF(I17>0,I17*$C17," ") | K17: 0 | L17: =IF(K17>0,K17*$C17," ") | M17: 0 | N17: =IF(M17>0,M17*$C17," ") | O17: 0 | P17: =IF(O17>0,O17*$C17," ") | Q17: 0 | R17: =IF(Q17>0,Q17*$C17," ") | AT17: =Q17+O17+M17+K17+I17+G17+E17 -> 1
A18: 4 | B18: =VLOOKUP(A18,ORÇAMENTO!$A$2:$M$312,2,FALSE()) -> FUNDAÇÃO E INFRAESTRUTURA | C18: =VLOOKUP(A18,ORÇAMENTO!$A$2:$M$312,13,FALSE()) -> 29211.197 | D18: =C18/$C$37 -> 0.09221459 | E18: 0.4 | F18: =IF(E18>0,E18*$C18," ") -> 11684.479 | G18: 0.3 | H18: =IF(G18>0,G18*$C18," ") -> 8763.3591 | I18: 0.3 | J18: =IF(I18>0,I18*$C18," ") -> 8763.3591 | K18: 0 | L18: =IF(K18>0,K18*$C18," ") | M18: 0 | N18: =IF(M18>0,M18*$C18," ") | O18: 0 | P18: =IF(O18>0,O18*$C18," ") | Q18: 0 | R18: =IF(Q18>0,Q18*$C18," ") | AT18: =Q18+O18+M18+K18+I18+G18+E18 -> 1
A19: 5 | B19: =VLOOKUP(A19,ORÇAMENTO!$A$2:$M$312,2,FALSE()) -> SUPERESTRUTURA | C19: =VLOOKUP(A19,ORÇAMENTO!$A$2:$M$312,13,FALSE()) -> 18685.093 | D19: =C19/$C$37 -> 0.058985539 | E19: 0.1 | F19: =IF(E19>0,E19*$C19," ") -> 1868.5093 | G19: 0.1 | H19: =IF(G19>0,G19*$C19," ") -> 1868.5093 | I19: 0.3 | J19: =IF(I19>0,I19*$C19," ") -> 5605.5279 | K19: 0.3 | L19: =IF(K19>0,K19*$C19," ") -> 5605.5279 | M19: 0.2 | N19: =IF(M19>0,M19*$C19," ") -> 3737.0186 | O19: 0 | P19: =IF(O19>0,O19*$C19," ") | Q19: 0 | R19: =IF(Q19>0,Q19*$C19," ") | AT19: =Q19+O19+M19+K19+I19+G19+E19 -> 1
A20: 6 | B20: =VLOOKUP(A20,ORÇAMENTO!$A$2:$M$312,2,FALSE()) -> COBERTURA | C20: =VLOOKUP(A20,ORÇAMENTO!$A$2:$M$312,13,FALSE()) -> 57643.128 | D20: =C20/$C$37 -> 0.18196917 | E20: 0 | F20: =IF(E20>0,E20*$C20," ") | G20: 0 | H20: =IF(G20>0,G20*$C20," ") | I20: 0 | J20: =IF(I20>0,I20*$C20," ") | K20: 0.15 | L20: =IF(K20>0,K20*$C20," ") -> 8646.4692 | M20: 0.25 | N20: =IF(M20>0,M20*$C20," ") -> 14410.782 | O20: 0.25 | P20: =IF(O20>0,O20*$C20," ") -> 14410.782 | Q20: 0.35 | R20: =IF(Q20>0,Q20*$C20," ") -> 20175.095 | AT20: =Q20+O20+M20+K20+I20+G20+E20 -> 1
A21: 7 | B21: =VLOOKUP(A21,ORÇAMENTO!$A$2:$M$312,2,FALSE()) -> ALVENARIA E OUTRAS VEDAÇÕES | C21: =VLOOKUP(A21,ORÇAMENTO!$A$2:$M$312,13,FALSE()) -> 45211.008 | D21: =C21/$C$37 -> 0.14272317 | E21: 0 | F21: =IF(E21>0,E21*$C21," ") | G21: 0.35 | H21: =IF(G21>0,G21*$C21," ") -> 15823.853 | I21: 0.35 | J21: =IF(I21>0,I21*$C21," ") -> 15823.853 | K21: 0.3 | L21: =IF(K21>0,K21*$C21," ") -> 13563.302 | M21: 0 | N21: =IF(M21>0,M21*$C21," ") | O21: 0 | P21: =IF(O21>0,O21*$C21," ") | Q21: 0 | R21: =IF(Q21>0,Q21*$C21," ") | AT21: =Q21+O21+M21+K21+I21+G21+E21 -> 1
A22: 8 | B22: =VLOOKUP(A22,ORÇAMENTO!$A$2:$M$312,2,FALSE()) -> INSTALAÇÕES HIDROSSANITÁRIAS | C22: =VLOOKUP(A22,ORÇAMENTO!$A$2:$M$312,13,FALSE()) -> 9950.6505 | D22: =C22/$C$37 -> 0.031412446 | E22: 0 | F22: =IF(E22>0,E22*$C22," ") | G22: 0.35 | H22: =IF(G22>0,G22*$C22," ") -> 3482.7277 | I22: 0.3 | J22: =IF(I22>0,I22*$C22," ") -> 2985.1952 | K22: 0.25 | L22: =IF(K22>0,K22*$C22," ") -> 2487.6626 | M22: 0.1 | N22: =IF(M22>0,M22*$C22," ") -> 995.06505 | O22: 0 | P22: =IF(O22>0,O22*$C22," ") | Q22: 0 | R22: =IF(Q22>0,Q22*$C22," ") | AT22: =Q22+O22+M22+K22+I22+G22+E22 -> 1
A23: 9 | B23: =VLOOKUP(A23,ORÇAMENTO!$A$2:$M$312,2,FALSE()) -> INSTALAÇÕES ELÉTRICAS | C23: =VLOOKUP(A23,ORÇAMENTO!$A$2:$M$312,13,FALSE()) -> 17004.735 | D23: =C23/$C$37 -> 0.053680945 | E23: 0 | F23: =IF(E23>0,E23*$C23," ") | G23: 0.15 | H23: =IF(G23>0,G23*$C23," ") -> 2550.7102 | I23: 0.2 | J23: =IF(I23>0,I23*$C23," ") -> 3400.947 | K23: 0.25 | L23: =IF(K23>0,K23*$C23," ") -> 4251.1837 | M23: 0.25 | N23: =IF(M23>0,M23*$C23," ") -> 4251.1837 | O23: 0.15 | P23: =IF(O23>0,O23*$C23," ") -> 2550.7102 | Q23: 0 | R23: =IF(Q23>0,Q23*$C23," ") | AT23: =Q23+O23+M23+K23+I23+G23+E23 -> 1
A24: 10 | B24: =VLOOKUP(A24,ORÇAMENTO!$A$2:$M$312,2,FALSE()) -> REMOÇÕES E DEMOLIÇÕES | C24: =VLOOKUP(A24,ORÇAMENTO!$A$2:$M$312,13,FALSE()) -> 232.18354 | D24: =C24/$C$37 -> 0.00073296242 | E24: 0 | F24: =IF(E24>0,E24*$C24," ") | G24: 0 | H24: =IF(G24>0,G24*$C24," ") | I24: 0 | J24: =IF(I24>0,I24*$C24," ") | K24: 1 | L24: =IF(K24>0,K24*$C24," ") -> 232.18354 | M24: 0 | N24: =IF(M24>0,M24*$C24," ") | O24: 0 | P24: =IF(O24>0,O24*$C24," ") | Q24: 0 | R24: =IF(Q24>0,Q24*$C24," ") | AT24: =Q24+O24+M24+K24+I24+G24+E24 -> 1
A25: 11 | B25: =VLOOKUP(A25,ORÇAMENTO!$A$2:$M$312,2,FALSE()) -> ESQUADRIAS | C25: =VLOOKUP(A25,ORÇAMENTO!$A$2:$M$312,13,FALSE()) -> 25903.67 | D25: =C25/$C$37 -> 0.081773311 | E25: 0 | F25: =IF(E25>0,E25*$C25," ") | G25: 0 | H25: =IF(G25>0,G25*$C25," ") | I25: 0 | J25: =IF(I25>0,I25*$C25," ") | K25: 0 | L25: =IF(K25>0,K25*$C25," ") | M25: 0.1 | N25: =IF(M25>0,M25*$C25," ") -> 2590.367 | O25: 0.45 | P25: =IF(O25>0,O25*$C25," ") -> 11656.651 | Q25: 0.45 | R25: =IF(Q25>0,Q25*$C25," ") -> 11656.651 | AT25: =Q25+O25+M25+K25+I25+G25+E25 -> 1
A26: 12 | B26: =VLOOKUP(A26,ORÇAMENTO!$A$2:$M$312,2,FALSE()) -> REVESTIMENTOS | C26: =VLOOKUP(A26,ORÇAMENTO!$A$2:$M$312,13,FALSE()) -> 19419.356 | D26: =C26/$C$37 -> 0.061303478 | E26: 0 | F26: =IF(E26>0,E26*$C26," ") | G26: 0.1 | H26: =IF(G26>0,G26*$C26," ") -> 1941.9356 | I26: 0.25 | J26: =IF(I26>0,I26*$C26," ") -> 4854.839 | K26: 0.2 | L26: =IF(K26>0,K26*$C26," ") -> 3883.8712 | M26: 0.2 | N26: =IF(M26>0,M26*$C26," ") -> 3883.8712 | O26: 0.2 | P26: =IF(O26>0,O26*$C26," ") -> 3883.8712 | Q26: 0.05 | R26: =IF(Q26>0,Q26*$C26," ") -> 970.96781 | AT26: =Q26+O26+M26+K26+I26+G26+E26 -> 1
A27: 13 | B27: =VLOOKUP(A27,ORÇAMENTO!$A$2:$M$312,2,FALSE()) -> PISOS | C27: =VLOOKUP(A27,ORÇAMENTO!$A$2:$M$312,13,FALSE()) -> 22421.298 | D27: =C27/$C$37 -> 0.070780079 | E27: 0 | F27: =IF(E27>0,E27*$C27," ") | G27: 0.15 | H27: =IF(G27>0,G27*$C27," ") -> 3363.1948 | I27: 0.25 | J27: =IF(I27>0,I27*$C27," ") -> 5605.3246 | K27: 0.2 | L27: =IF(K27>0,K27*$C27," ") -> 4484.2597 | M27: 0.3 | N27: =IF(M27>0,M27*$C27," ") -> 6726.3895 | O27: 0.1 | P27: =IF(O27>0,O27*$C27," ") -> 2242.1298 | Q27: 0 | R27: =IF(Q27>0,Q27*$C27," ") | AT27: =Q27+O27+M27+K27+I27+G27+E27 -> 1
A28: 14 | B28: =VLOOKUP(A28,ORÇAMENTO!$A$2:$M$312,2,FALSE()) -> FORRO E ACABAMENTOS | C28: =VLOOKUP(A28,ORÇAMENTO!$A$2:$M$312,13,FALSE()) -> 15516.644 | D28: =C28/$C$37 -> 0.048983306 | E28: 0 | F28: =IF(E28>0,E28*$C28," ") | G28: 0 | H28: =IF(G28>0,G28*$C28," ") | I28: 0 | J28: =IF(I28>0,I28*$C28," ") | K28: 0 | L28: =IF(K28>0,K28*$C28," ") | M28: 0.3 | N28: =IF(M28>0,M28*$C28," ") -> 4654.9933 | O28: 0.3 | P28: =IF(O28>0,O28*$C28," ") -> 4654.9933 | Q28: 0.4 | R28: =IF(Q28>0,Q28*$C28," ") -> 6206.6578 | AT28: =Q28+O28+M28+K28+I28+G28+E28 -> 1
... A33: 19 | B33: =VLOOKUP(A33,ORÇAMENTO!$A$2:$M$312,2,FALSE()) -> FINALIZAÇÕES | C33: =VLOOKUP(A33,ORÇAMENTO!$A$2:$M$312,13,FALSE()) -> 1399.3199 | D33: =C33/$C$37 -> 0.0044174059 | E33: 0 | F33: =IF(E33>0,E33*$C33," ") | G33: 0 | H33: =IF(G33>0,G33*$C33," ") | I33: 0 | J33: =IF(I33>0,I33*$C33," ") | K33: 0 | L33: =IF(K33>0,K33*$C33," ") | M33: 0.1 | N33: =IF(M33>0,M33*$C33," ") -> 139.93199 | O33: 0.3 | P33: =IF(O33>0,O33*$C33," ") -> 419.79598 | Q33: 0.6 | R33: =IF(Q33>0,Q33*$C33," ") -> 839.59197 | AT33: =Q33+O33+M33+K33+I33+G33+E33 -> 1
D35: =C35/$C$37 -> 0 | E35: 0 | F35: =IF(E35>0,E35*$C35," ") | G35: 0 | H35: =IF(G35>0,G35*$C35," ") | I35: 0 | J35: =IF(I35>0,I35*$C35," ") | K35: 0 | L35: =IF(K35>0,K35*$C35," ") | M35: 0 | N35: =IF(M35>0,M35*$C35," ") | O35: 0 | P35: =IF(O35>0,O35*$C35," ") | Q35: 0 | R35: =IF(Q35>0,Q35*$C35," ") | AT35: =Q35+O35+M35+K35+I35+G35+E35 -> 0
D36: =C36/$C$37 -> 0 | E36: 0 | F36: =IF(E36>0,E36*$C36," ") | G36: 0 | H36: =IF(G36>0,G36*$C36," ") | I36: 0 | J36: =IF(I36>0,I36*$C36," ") | K36: 0 | L36: =IF(K36>0,K36*$C36," ") | M36: 0 | N36: =IF(M36>0,M36*$C36," ") | O36: 0 | P36: =IF(O36>0,O36*$C36," ") | Q36: 0 | R36: =IF(Q36>0,Q36*$C36," ") | T36: =IF(S36>0,S36*$C36," ") | W36: =IF(V36>0,V36*$C36," ") | Y36: =IF(X36>0,X36*$C36," ") | AT36: =Q36+O36+M36+K36+I36+G36+E36 -> 0
B37: TOTAL | C37: =SUM(C15:C36) -> 316774.14 | D37: =C37/$C$37 -> 1 | F37: =IF(E37>0,E37*$C37," ") | H37: =IF(G37>0,G37*$C37," ") | J37: =IF(I37>0,I37*$C37," ") | L37: =IF(K37>0,K37*$C37," ") | N37: =IF(M37>0,M37*$C37," ") | P37: =IF(O37>0,O37*$C37," ") | R37: =IF(Q37>0,Q37*$C37," ") | T37: =IF(S37>0,S37*$C37," ") | W37: =IF(V37>0,V37*$C37," ") | Y37: =IF(X37>0,X37*$C37," ") | AA37: =IF(Z37>0,Z37*$C37," ") | AC37: =IF(AB37>0,AB37*$C37," ") | AE37: =IF(AD37>0,AD37*$C37," ") | AG37: =IF(AF37>0,AF37*$C37," ") | AI37: =IF(AH37>0,AH37*$C37," ") | AK37: =IF(AJ37>0,AJ37*$C37," ") | AM37: =IF(AL37>0,AL37*$C37," ") | AO37: =IF(AN37>0,AN37*$C37," ") | AQ37: =IF(AP37>0,AP37*$C37," ") | AS37: =IF(AR37>0,AR37*$C37," ")
B39: R$ parcial (valor período) | E39: =SUM(F15:F37) -> 24917.346 | G39: =SUM(H15:H37) -> 47236.351 | I39: =SUM(J15:J37) -> 49398.854 | K39: =SUM(L15:L37) -> 48020.541 | M39: =SUM(N15:N37) -> 49300.136 | O39: =SUM(P15:P37) -> 47718.365 | Q39: =SUM(R15:R37) -> 50182.544 | S39: =SUM(T15:T37) -> 347.7518 | V39: =SUM(W15:W37) -> 347.7518 | X39: =SUM(Y15:Y37) -> 347.7518 | Z39: =SUM(AA15:AA37) -> 347.7518 | AB39: =SUM(AC15:AC37) -> 347.7518 | AD39: =SUM(AE15:AE37) -> 347.7518 | AF39: =SUM(AG15:AG37) -> 347.7518 | AH39: =SUM(AI15:AI37) -> 347.7518 | AJ39: =SUM(AK15:AK37) -> 347.7518 | AL39: =SUM(AM15:AM37) -> 347.7518 | AN39: =SUM(AO15:AO37) -> 347.7518 | AP39: =SUM(AQ15:AQ37) -> 347.7518 | AR39: =SUM(AS15:AS37) -> 347.7518
B40: %_parcial (período) | E40: =SUM(E39/$C$37) -> 0.07865966 | G40: =SUM(G39/$C$37) -> 0.14911682 | I40: =SUM(I39/$C$37) -> 0.15594346 | K40: =SUM(K39/$C$37) -> 0.15159237 | M40: =SUM(M39/$C$37) -> 0.15563182 | O40: =SUM(O39/$C$37) -> 0.15063845 | Q40: =SUM(Q39/$C$37) -> 0.15841743 | S40: =SUM(S39/$C$37) -> 0.001097791 | V40: =SUM(V39/$C$37) -> 0.001097791 | X40: =SUM(X39/$C$37) -> 0.001097791 | Z40: =SUM(Z39/$C$37) -> 0.001097791 | AB40: =SUM(AB39/$C$37) -> 0.001097791 | AD40: =SUM(AD39/$C$37) -> 0.001097791 | AF40: =SUM(AF39/$C$37) -> 0.001097791 | AH40: =SUM(AH39/$C$37) -> 0.001097791 | AJ40: =SUM(AJ39/$C$37) -> 0.001097791 | AL40: =SUM(AL39/$C$37) -> 0.001097791 | AN40: =SUM(AN39/$C$37) -> 0.001097791 | AP40: =SUM(AP39/$C$37) -> 0.001097791 | AR40: =SUM(AR39/$C$37) -> 0.001097791
B41: R$_ acumulado | E41: =E39 -> 24917.346 | G41: =E41+G39 -> 72153.696 | I41: =G41+I39 -> 121552.55 | K41: =I41+K39 -> 169573.09 | M41: =K41+M39 -> 218873.23 | O41: =M41+O39 -> 266591.59 | Q41: =SUM(O41+Q39) -> 316774.14 | S41: =Q41+S39 -> 317121.89 | V41: =S41+V39 -> 317469.64 | X41: =V41+X39 -> 317817.39 | Z41: =X41+Z39 -> 318165.14 | AB41: =Z41+AB39 -> 318512.9 | AD41: =SUM(AB41+AD39) -> 318860.65 | AF41: =AD41+AF39 -> 319208.4 | AH41: =AF41+AH39 -> 319556.15 | AJ41: =AH41+AJ39 -> 319903.9 | AL41: =AJ41+AL39 -> 320251.65 | AN41: =AL41+AN39 -> 320599.41 | AP41: =SUM(AN41+AP39) -> 320947.16 | AR41: =AP41+AR39 -> 321294.91
B42: %_acumulado | E42: =E40 -> 0.07865966 | G42: =E42+G40 -> 0.22777648 | I42: =G42+I40 -> 0.38371993 | K42: =I42+K40 -> 0.5353123 | M42: =K42+M40 -> 0.69094412 | O42: =M42+O40 -> 0.84158257 | Q42: =O42+Q40 -> 1 | S42: =Q42+S40 -> 1.0010978 | V42: =S42+V40 -> 1.0021956 | X42: =V42+X40 -> 1.0032934 | Z42: =X42+Z40 -> 1.0043912 | AB42: =Z42+AB40 -> 1.005489 | AD42: =AB42+AD40 -> 1.0065867 | AF42: =AD42+AF40 -> 1.0076845 | AH42: =AF42+AH40 -> 1.0087823 | AJ42: =AH42+AJ40 -> 1.0098801 | AL42: =AJ42+AL40 -> 1.0109779 | AN42: =AL42+AN40 -> 1.0120757 | AP42: =AN42+AP40 -> 1.0131735 | AR42: =AP42+AR40 -> 1.0142713
A44: NOTAS:
A46: A. A ÚLTIMA PARCELA DEVE OBRIGATORIAMENTE SER MAIOR QUE 11%
A47: B. O PRAZO MÁXIMO PARA EXECUÇÃO É DE 210 DIAS

Sheet BDI
E3: UNIVERSIDADE ESTADUAL DO NORTE DO PARANÁ
E4: CNPJ: 08.885.100/0001-54
E5: OBRA : AMPLIAÇÃO DAS SALAS DE ATENDIMENTO DA EQUOTERAPIA
E6: Local: Campus Luiz Meneghel - CLM
E7: Data do orçamento: SETEMBRO/2024
E8: SINAPI_Custo_Ref_Composicoes_Analitico_PR_202407_Desonerado
E9: RESP. TÉCNICO: HENRIQUE FRANCIZ XIMENES DE ANDRADE BILBAO ENGENHEIRO CIVIL - CREA PR 160.587/D | H9: RESP. TÉCNICO: AMANDA ALVES DA SILVA - ARQUITETA E URBANISTA - CAU A 145.138-3
A11: COMPOSIÇÃO DO BDI
A12: CUSTO TOTAL DO SERVIÇO (R$)
A13: ITEM | B13: DISCRIMINAÇÃO | E13: VALOR | F13: TAXA (%) | G13: OBSERVAÇÃO | H13: SITUAÇÃO DO INTERVALO ADMISSÍVEL | I13: PARCELAS DO BDI (%)
I14: 1 QUARTIL | J14: MÉDIO | K14: 3 QUARTIL
A15: 1 | B15: AC – ADMINISTRAÇÃO CENTRAL | E15: - | F15: 0.03 | H15: =IF(AND(F15>=I15,F15<=K15),"OK","DIFERE") -> OK | I15: 0.03 | J15: 0.04 | K15: 0.055
A16: 2 | B16: SG – SEGUROS + GARANTIA | E16: - | F16: 0.008 | H16: =IF(AND(F16>=I16,F16<=K16),"OK","DIFERE") -> OK | I16: 0.008 | J16: 0.008 | K16: 0.01
A17: 3 | B17: R – RISCOS | E17: - | F17: 0.0097 | H17: =IF(AND(F17>=I17,F17<=K17),"OK","DIFERE") -> OK | I17: 0.0097 | J17: 0.0127 | K17: 0.0127
A18: 4 | B18: DF – DESPESAS FINANCEIRAS | E18: - | F18: 0.0059 | H18: =IF(AND(F18>=I18,F18<=K18),"OK","DIFERE") -> OK | I18: 0.0059 | J18: 0.0123 | K18: 0.0139
A19: 5 | B19: L – LUCRO BRUTO | E19: - | F19: 0.068 | H19: =IF(AND(F19>=I19,F19<=K19),"OK","DIFERE") -> OK | I19: 0.0616 | J19: 0.074 | K19: 0.0896
A20: 6 | B20: I – IMPOSTOS | E20: - | F20: =SUM(F21:F24) -> 0.1115 | G20: FÓRMULA DO BDI DE ACORDO COM ACÓRDÃO 2.369/2011-TCU- PLENÁRIO
A21: 43836 | B21: PIS | F21: 0.0065
A22: 43867 | B22: COFINS | F22: 0.03
A23: 43896 | B23: ISS (CONFORME LEGISLAÇÃO MUNICIPAL) | F23: 0.03
A24: 43927 | B24: CONTRIB. PREVIDÊNCIA SOBRE RECEITA BRUTA – CPRB | F24: 0.045
A26: TOTAL DO BDI (R$)
A27: PREÇO DE VENDA (R$) | G27: ONDE:
A28: BDI (%) | F28: =ROUND(((((1+(F15+F16+F17))*(1+F18)*(1+F19))/(1-F20))-1),4) -> 0.2668 | G28: AC : TAXA DE ADMINISTRAÇÃO CENTRAL
G29: S: TAXA DE SEGURO
A30: Parâmetros do Acórdão 2.622/2013 - Plenário | G30: G: TAXA DE GARANTIAS
A31: Sem CPRB | B31: 0.2034 | C31: 0.2212 | D31: 0.25 | G31: R: TAXA DE RISCOS
A32: Com CPRB | B32: 0.2601 | C32: 0.2787 | D32: 0.3089 | G32: DF: TAXA DE DESPESAS
G33: L: TAXA DE LUCRO
G34: I: TAXA DE INCIDÊNCIA DE IMPOSTOS (PIS, COFINS, ISS, CPRB)
A37: COMPOSIÇÃO DO BDI DIFERENCIADO
A38: CUSTO TOTAL DO SERVIÇO (R$)
A39: ITEM | B39: DISCRIMINAÇÃO | E39: VALOR | F39: TAXA (%) | G39: OBSERVAÇÃO | H39: SITUAÇÃO DO INTERVALO ADMISSÍVEL | I39: PARCELAS DO BDI (%)
I40: 1 QUARTIL | J40: MÉDIO | K40: 3 QUARTIL
A41: 1 | B41: AC – ADMINISTRAÇÃO CENTRAL | F41: 0.015 | H41: =IF(AND(F41>=I41,F41<=K41),"OK","DIFERE") -> OK | I41: 0.015 | J41: 0.0345 | K41: 0.0449
A42: 2 | B42: SG – SEGUROS + GARANTIA | F42: 0.003 | H42: =IF(AND(F42>=I42,F42<=K42),"OK","DIFERE") -> OK | I42: 0.003 | J42: 0.0048 | K42: 0.0082
A43: 3 | B43: R – RISCOS | F43: 0.0056 | H43: =IF(AND(F43>=I43,F43<=K43),"OK","DIFERE") -> OK | I43: 0.0056 | J43: 0.0085 | K43: 0.0089
A44: 4 | B44: DF – DESPESAS FINANCEIRAS | F44: 0.0085 | H44: =IF(AND(F44>=I44,F44<=K44),"OK","DIFERE") -> OK | I44: 0.0085 | J44: 0.0085 | K44: 0.0111
A45: 5 | B45: L – LUCRO BRUTO | F45: 0.0352 | H45: =IF(AND(F45>=I45,F45<=K45),"OK","DIFERE") -> OK | I45: 0.035 | J45: 0.0511 | K45: 0.0622
A46: 6 | B46: I – IMPOSTOS | F46: =SUM(F47:F50) -> 0.0815 | G46: FÓRMULA DO BDI DE ACORDO COM ACÓRDÃO 2.369/2011-TCU- PLENÁRIO
A47: 43836 | B47: PIS | F47: 0.0065
A48: 43867 | B48: COFINS | F48: 0.03
A49: 43896 | B49: ISS (CONFORME LEGISLAÇÃO MUNICIPAL) | F49: 0
A50: 43927 | B50: CONTRIB. PREVIDÊNCIA SOBRE RECEITA BRUTA – CPRB | F50: 0.045
A52: TOTAL DO BDI (R$)
A53: PREÇO DE VENDA (R$) | G53: ONDE:
A54: BDI (%) | F54: =ROUND((((1+(F41+F42+F43))*(1+F44)*(1+F45))/(1-F46))-1,4) -> 0.1635 | G54: AC : TAXA DE ADMINISTRAÇÃO CENTRAL
G55: S: TAXA DE SEGURO
A56: Parâmetros do Acórdão 2.622/2013 - Plenário | G56: G: TAXA DE GARANTIAS
A57: Sem CPRB | B57: 0.111 | C57: 0.1402 | D57: 0.168 | G57: R: TAXA DE RISCOS
A58: Com CPRB | B58: 0.1634 | C58: 0.1939 | D58: 0.223 | G58: DF: TAXA DE DESPESAS
G59: L: TAXA DE LUCRO
G60: I: TAXA DE INCIDÊNCIA DE IMPOSTOS (PIS, COFINS, ISS, CPRB)
A61: OBS: Para o BDI reduzido, considerou-se nulo o ISS e uma parcela reduzida para administração central e lucro para remunerar os custos inerentes às aquisições e armazenamento por parte da empresa contratada, por isso o valor da taxa de BDI é menor do que a que foi adotada para o restante do orçamento da obra.

Sheet VALORES SINAPI
A1: Código da Composição | B1: Descrição | C1: Unidade | D1: M.O. | E1: MAT+EQ | F1: VALOR
A2: 104658 | B2: PISO PODOTÁTIL DE ALERTA OU DIRECIONAL, DE CONCRETO, ASSENTADO SOBRE ARGAMASSA. AF_03/2024 | C2: M2 | D2: 0.2722 | E2: =1-D2 -> 0.7278 | F2: 140.01
A3: 105002 | B3: RAMPA DE ACESSIBILIDADE EM CONCRETO MOLDADO IN LOCO, EM CALÇADA NOVA COM LARGURA MAIOR OU IGUAL À 3,00 M, FCK 25MPA, COM PISO PODOTÁTIL. AF_03/2024 | C3: UN | D3: 0.3838 | E3: =1-D3 -> 0.6162 | F3: 734.11
A4: 105004 | B4: RAMPA DE ACESSIBILIDADE EM CONCRETO MOLDADO IN LOCO, EM CALÇADA NOVA COM LARGURA MENOR À 3,00 M, FCK 25MPA, COM PISO PODOTÁTIL. AF_03/2024 | C4: M2 | D4: 0.3872 | E4: =1-D4 -> 0.6128 | F4: 125.9
A5: 105003 | B5: RAMPA DE ACESSIBILIDADE EM CONCRETO MOLDADO IN LOCO, EM CALÇADA PRÉ EXISTENTE COM LARGURA MAIOR OU IGUAL À 3,00 M, FCK 25MPA, COM PISO PODOTÁTIL. AF_03/2024 | C5: UN | D5: 0.4478 | E5: =1-D5 -> 0.5522 | F5: 1234.77
A6: 105005 | B6: RAMPA DE ACESSIBILIDADE EM CONCRETO MOLDADO IN LOCO, EM CALÇADA PRÉ EXISTENTE COM LARGURA MENOR À 3,00 M, FCK 25MPA, COM PISO PODOTÁTIL. AF_03/2024 | C6: M2 | D6: 0.4527 | E6: =1-D6 -> 0.5473 | F6: 218.59
A7: 105000 | B7: RAMPA DE ACESSIBILIDADE PARA ACESSO A EDIFICAÇÕES COM INCLINAÇÃO DE 8,33% EM CONCRETO MOLDADO IN LOCO, COM LARGURA DE 1,20M, FCK 25MPA, NÃO ARMADA, COM JUNTA A CADA 2M COM CORTE À SECO. AF_03/2024 | C7: M | D7: 0.3269 | E7: =1-D7 -> 0.6731 | F7: 1447.92
A8: 105001 | B8: RAMPA DE ACESSIBILIDADE PARA ACESSO A EDIFICAÇÕES COM INCLINAÇÃO DE 8,33% EM CONCRETO MOLDADO IN LOCO, COM LARGURA DE 1,50M, FCK 25MPA, NÃO ARMADA, COM JUNTA A CADA 2M COM CORTE À SECO. AF_03/2024 | C8: M | D8: 0.3238 | E8: =1-D8 -> 0.6762 | F8: 1476.38
A9: 89306 | B9: ALVENARIA ESTRUTURAL DE BLOCOS CERÂMICOS 14X19X29, (ESPESSURA DE 14 CM), UTILIZANDO COLHER DE PEDREIRO E ARGAMASSA DE ASSENTAMENTO COM PREPARO EM BETONEIRA. AF_03/2023 | C9: M2 | D9: 0.4101 | E9: =1-D9 -> 0.5899 | F9: 103.22
A10: 89307 | B10: ALVENARIA ESTRUTURAL DE BLOCOS CERÂMICOS 14X19X29, (ESPESSURA DE 14 CM), UTILIZANDO COLHER DE PEDREIRO E ARGAMASSA DE ASSENTAMENTO COM PREPARO MANUAL. AF_03/2023 | C10: M2 | D10: 0.4146 | E10: =1-D10 -> 0.5854 | F10: 105.83
A11: 89290 | B11: ALVENARIA ESTRUTURAL DE BLOCOS CERÂMICOS 14X19X29, (ESPESSURA DE 14 CM), UTILIZANDO PALHETA E ARGAMASSA DE ASSENTAMENTO COM PREPARO EM BETONEIRA. AF_03/2023 | C11: M2 | D11: 0.3605 | E11: =1-D11 -> 0.6395 | F11: 84.29
A12: 89291 | B12: ALVENARIA ESTRUTURAL DE BLOCOS CERÂMICOS 14X19X29, (ESPESSURA DE 14 CM), UTILIZANDO PALHETA E ARGAMASSA DE ASSENTAMENTO COM PREPARO MANUAL. AF_03/2023 | C12: M2 | D12: 0.3659 | E12: =1-D12 -> 0.6341 | F12: 86.23
A13: 89298 | B13: ALVENARIA ESTRUTURAL DE BLOCOS CERÂMICOS 14X19X39, (ESPESSURA DE 14 CM), UTILIZANDO COLHER DE PEDREIRO E ARGAMASSA DE ASSENTAMENTO COM PREPARO EM BETONEIRA. AF_03/2023 | C13: M2 | D13: 0.3575 | E13: =1-D13 -> 0.6425 | F13: 87.82
... A7840: 103017 | B7840: VÁLVULA DE RETENÇÃO, DE BRONZE, PÉ COM CRIVOS, ROSCÁVEL, 4" - FORNECIMENTO E INSTALAÇÃO. AF_08/2021 | C7840: UN | D7840: 0.0153 | E7840: =1-D7840 -> 0.9847 | F7840: 1028.43
